 Dungeon Crawl Stone Soup version 0.31-a0-217-g58bb5d79cf (webtiles) character file.

Game seed: 983176269500271535

407257 qw the Slayer (level 23, -14/160 HPs)
             Began as a Gargoyle Fighter on July 2, 2023.
             Was a High Priest of Okawaru.
             Demolished by a frost giant
             ... wielding a +0 battleaxe of freezing
             ... summoned by a glowing orange brain
              (15 damage)
             ... on level 3 of the Depths.
             The game lasted 00:30:00 (39289 turns).

qw the Slayer (Gargoyle Fighter)                   Turns: 39289, Time: 00:30:01

Health: -14/160    AC: 56    Str: 45    XL:     23   Next: 43%
Magic:  30/30      EV: 21    Int: -4 (9) God:    Okawaru [*****.]
Gold:   2767       SH: 24    Dex: 13    Spells: 22/22 levels left

rFire   . . .        z - +0 war axe of Success {vamp, rC++ Str+4}
rCold   + + .        f - +0 tower shield
rNeg    + . .        G - +6 chain mail "Nibliobb" {Regen+ Str+2 Stlth+}
rPois   inf          m - +2 helmet of Pantheism {Str+4}
rElec   +            v - +2 cloak
rCorr   .            E - +2 pair of gloves "Etwumn" {Int-2 Dex+4 Stlth+}
SInv    .            h - +2 pair of boots
Will    +....        D - amulet of faith
Stlth   ++           w - +5 ring of evasion
HPRegen 1.26/turn    t - +6 ring of strength
MPRegen 0.22/turn

%: faith
@: heroic, flying, slowed, lost intelligence, unable to read, very slow
A: sickness immunity, AC +17, big wings, negative energy resistance 1,
electricity resistance, torment resistance 1, petrification resistance
}: 2/15 runes: decaying, gossamer
a: Renounce Religion, Heroism, Finesse, Duel


You were on level 3 of the Depths.
You worshipped Okawaru.
Okawaru was extremely pleased with you.
You visited 8 branches of the dungeon, and saw 38 of its levels.
You visited the Abyss 1 time.
You also visited: Sewer and Ossuary.

You collected 4356 gold pieces.
You spent 1589 gold pieces at shops.


Innate Abilities, Weirdness & Mutations

You are immune to sickness and miasma.
Your stone body is resilient. (AC +17)
You are immune to poison.
Your large and strong wings let you fly.
You resist negative energy. (rN+)
You are resistant to electric shocks. (rElec)
You are resistant to unholy torment.
You are immune to petrification.


   Skills:
 + Level 21.2(26.2) Fighting
 - Level 18.0(23.0) Axes
 - Level 10.6(15.6) Throwing
 - Level 18.0(23.0) Armour
 - Level 9.0(14.0) Dodging
 - Level 21.0(26.0) Shields
 - Level 10.0 Invocations


You had 22 spell levels left.
You didn't know any spells.
Your spell library was empty.

Inventory:

Hand Weapons
 g - the +4 broad axe of Fonoiciw {heavy, rF+ Str+3}
   (Okawaru gifted it to you on level 14 of the Dungeon)

   Str:       It affects your strength (+3).
   rF:        It protects you from fire.
 k - the +11 war axe of the Eternal Void {elec, rElec rPois rF+ rC+}
   (Okawaru gifted it to you on level 2 of the Vaults)

   rF:        It protects you from fire.
   rC:        It protects you from cold.
   rElec:     It insulates you from electricity.
   rPois:     It protects you from poison.
 x - a +4 broad axe of draining
 z - the +0 war axe of Success (weapon) {vamp, rC++ Str+4}
   (Okawaru gifted it to you on level 4 of the Swamp)

   Str:       It affects your strength (+4).
   rC:        It greatly protects you from cold.
 N - the +3 hand axe of Chance {flame, rElec rN++ rCorr Str-2}
   (Okawaru gifted it to you on level 3 of the Depths)

   Str:       It affects your strength (-2).
   rElec:     It insulates you from electricity.
   rN:        It greatly protects you from negative energy.
   rCorr:     It protects you from acid and corrosion.
Missiles
 b - 6 boomerangs (quivered)
Armour
 c - the +2 ring mail "Wuhuhy" {rElec rCorr Str+3}
   (You found it on level 5 of the Lair of Beasts)

   Str:       It affects your strength (+3).
   rElec:     It insulates you from electricity.
   rCorr:     It protects you from acid and corrosion.
 f - a +0 tower shield (worn)
 h - a +2 pair of boots (worn)
 m - the +2 helmet of Pantheism (worn) {Str+4}
   (You acquired it on level 7 of the Dungeon)

   Str:       It affects your strength (+4).
 v - a +2 cloak (worn)
 B - the +0 buckler of the Arena {Will+ rCorr Dex-3}
   (You found it on level 1 of the Spider Nest)

   Dex:       It affects your dexterity (-3).
   rCorr:     It protects you from acid and corrosion.
   Will:      It increases your willpower.
 E - the +2 pair of gloves "Etwumn" (worn) {Int-2 Dex+4 Stlth+}
   (Okawaru gifted it to you on level 1 of the Lair of Beasts)

   Int:       It affects your intelligence (-2).
   Dex:       It affects your dexterity (+4).
   Stlth:     It makes you more stealthy.
 G - the +6 chain mail "Nibliobb" (worn) {Regen+ Str+2 Stlth+}
   (You found it on level 5 of the Lair of Beasts)

   Str:       It affects your strength (+2).
   Regen:     It increases your rate of health regeneration.
   Stlth:     It makes you more stealthy.
Jewellery
 i - an amulet of regeneration
 t - a +6 ring of strength (right hand)
 u - a ring of ice
 w - a +5 ring of evasion (left hand)
 y - a ring of fire
 D - an amulet of faith (around neck)
 H - a ring of resist corrosion
 I - a ring of ice
 L - a ring of fire
Wands
 n - a wand of digging (14)
Scrolls
 e - a scroll of brand weapon
 j - 12 scrolls of identify
 F - a scroll of enchant armour
 J - 3 scrolls of teleportation
 K - 3 scrolls of enchant weapon
Potions
 a - 6 potions of lignification
 d - 9 potions of might
 l - 6 potions of attraction
 o - 12 potions of haste
 p - 2 potions of magic
 q - 5 potions of enlightenment
 r - 5 potions of resistance
 s - 9 potions of mutation
 A - 3 potions of curing
 C - a potion of cancellation

Dungeon Overview and Level Annotations

Branches:
Dungeon (15/15)            Temple (1/1) D:4            Lair (5/5) D:11
  Swamp (4/4) Lair:3       Spider (4/4) Lair:3        Slime (0/5) Lair:5
    Orc (2/2) D:10            Elf (0/3) Orc:2        Vaults (4/5) D:13
  Crypt (0/3) Vaults:3     Depths (3/4) D:15          Sewer (visited)
Ossuary (visited)

Altars:
Ashenzari
Cheibriados
Dithmenos
Elyvilon
Fedhas
Gozag
Hepliaklqana
Kikubaaqudgha
Makhleb
Nemelex Xobeh
Okawaru
Qazlal
Ru
Sif Muna
Trog
Uskayaw
Vehumet
Wu Jian
Xom
Yredelemnul
Zin
The Shining One
Jiyva

Shops:
D:10 !   Orc:1 [!*   Orc:2 ?:[?   Vaults:2 [   Vaults:3 *   Vaults:4 :
Depths:1 *

Portals:
Hell: Depths:1 Depths:2 Depths:3
Pandemonium: Depths:2
Ziggurat: Depths:1
Trove: D:12 (give 12 scrolls of teleportation)

Annotations:
D:6 2 transporters, qw's ghost, novice NaHu
D:9 exclusion: 3 goblins
D:12 2 transporters, Plazmod's ghost, journeyman DECj
Lair:5 1 runed translucent door
Spider:3 2 transporters, qw's ghost, adept GrFi
Depths:2 1 transporter


Message History

You block the death yak's attack.
You block the spriggan defender's attack.
You block the death yak's attack.
The frost giant points at you and mumbles some strange words.
The bolt of cold hits you!! You resist.
The glowing orange brain pulsates. x2
You are confused.
39287 ||| DRINKING 4 potions of curing.
You feel better.
39287 ||| (to cure confusion)
The spriggan defender hits you but does no damage.
You block the death yak's attack.
The spriggan defender closely misses you.
You block the death yak's attack. The frost giant misses you.
The glowing orange brain blinks!
The hell knight prays to its god.
The hell knight blinks!
The spriggan air mage waves its arms in wide circles.
The air twists around and strikes you.
You hit the frost giant.
The frost giant is severely wounded.
You miss the spriggan defender. You hit the death yak but do no damage.
The spriggan defender hits you but does no damage.
The death yak gores you!! The ice dragon breathes frost at you.
The blast of cold hits the frost giant.
The frost giant resists.
The blast of cold hits you but does no damage.
The frost giant closely misses you.
The hell knight prays to its god.
The hell knight seems to speed up.
You block the spriggan defender's attack.
The death yak gores you but does no damage.
You hit the frost giant but do no damage.
The frost giant is severely wounded.
You hit the spriggan defender. You slash the death yak!
You block the spriggan defender's attack.
You block the death yak's attack.
The spriggan air mage waves its arms in wide circles.
The air twists around and strikes you!
The frost giant hits you with a +0 battleaxe of freezing!
You die...

### ### #####
##GiG#i###~~~#
#piyDC@.'~~~~#
#pQyi#.Y##~~~##
#~Dp #..##~~~~#
#~~ ####~~~~.##
#~ #~~~....## #
#~~~~.....##
#~~~~~.....###
#~~~~~.......####
#~~~~........[..#


You could see a frost giant (summoned), 2 ice dragons, a death yak (summoned,
berserk), a spriggan defender (summoned), 2 spark wasps, 2 hell knights, a
spriggan rider (summoned), a tengu warrior, 2 glowing orange brains, a spriggan
berserker (summoned), a spriggan air mage (summoned, repels missiles) and a
necromancer (summoned).

Vanquished Creatures
  Margery (Vaults:3)
  Nikola (Depths:2)
  Arachne (Spider:4)
  2 doom hounds (Depths:2)
  A lich (Depths:3)
  Grunn (Depths:2)
  4 tentacled starspawn (Abyss:2)
  4 thorn hunters (Swamp:4)
  A shadow dragon (Depths:3)
  Frances (Spider:2)
  A fenstrider witch (Swamp:2)
  4 frost giants
  2 fire giants
  3 ghost moths (Spider:4)
  7 vault wardens
  3 emperor scorpions (Spider:4)
  5 spectral caustic shrikes (Depths:3)
  3 orc warlords
  2 spriggan defenders (Depths:3)
  2 war gargoyles
  Aizul (Depths:2)
  3 spectral juggernauts (Depths:3)
  A cacodemon (Abyss:2)
  A broodmother (Spider:1)
  18 ironbound preservers
  15 very ugly things
  5 ironbound thunderhulks
  3 formless jellyfish
  4 ghouls (Swamp:4)
  4 stone giants
  4 vampire knights
  4 eleionomae
  5 bunyips (Swamp:4)
  30 starcursed masses
  2 spectral titans (Depths:3)
  12 dire elephants
  6 spark wasps
  A deep elf death mage (Depths:3)
  4 eidola (Depths:3)
  3 crystal guardians
  Snorg (Lair:4)
  6 ettins
  A spectral quicksilver dragon (Depths:3)
  Josephine (Orc:1)
  3 fire dragons
  7 yaktaur captains
  2 shambling mangroves (Swamp:4)
  2 entropy weavers
  Fannar (D:10)
  A spectral tengu (Depths:3)
  2 spectral spriggans (Depths:3)
  3 spectral golden dragons (Depths:3)
  5 great orbs of eyes
  12 vault guards
  2 rakshasas
  3 ice dragons
  21 hydras
  7 ironbound frosthearts
  4 peacekeepers
  A spriggan air mage (Depths:3)
  A spectral shadow dragon (Depths:3)
  An ogre mage (D:13)
  3 ghost crabs
  A jorogumo (Spider:2)
  11 centaur warriors
  6 boulder beetles
  A death knight (D:14)
  2 spectral fire giants (Depths:3)
  2 spectral frost giants (Depths:3)
  2 spectral sphinxes (Depths:3)
  6 death yaks (Lair:2)
  10 alligators
  5 two-headed ogres
  2 tengu warriors
  3 orc high priests (Orc:2)
  A deep troll shaman (Depths:2)
  5 hell hogs (Depths:1)
  Urug (Lair:3)
  6 vampire magi
  9 demonic crawlers
  2 deep troll earth magi
  A thrashing horror (Abyss:2)
  8 hell knights
  A spectral storm dragon (Depths:3)
  4 sun demons
  4 soul eaters
  Sonja (Lair:2)
  A spatial maelstrom (Abyss:2)
  A sun moth (Spider:4)
  2 skysharks
  3 wretched stars (Abyss:2)
  Amaemon (D:10)
  3 goliath frogs
  2 bunyip zombies (Swamp:2)
  47 deep trolls
  7 iron trolls
  10 swamp dragons
  10 orb spiders
  4 flayed ghosts
  4 spriggan druids
  3 pharaoh ants
  4 spectral hydras (Swamp:4)
  A quicksilver dragon simulacrum (Depths:3)
  2 death drakes (Depths:3)
  5 harpies (Vaults:1)
  8 orc knights
  2 orange crystal statues (Depths:3)
  8 phantasmal warriors
  3 spriggan simulacra (Depths:3)
  7 bog bodies
  A spectral iron dragon (Depths:3)
  6 lindwurms
  3 steelbarb worms (Spider:2)
  6 necromancers
  9 ironbound convokers
  9 wizards
  3 deep elf pyromancers
  A tengu skeleton (Vaults:2)
  6 oklob plants
  20 wolf spiders
  50 ugly things
  An iron dragon zombie (Depths:3)
  5 orc sorcerers
  A manticore (D:15)
  A worldbinder (Abyss:2)
  9 cyclopes
  10 elephants
  A sphinx skeleton (Depths:3)
  4 will-o-the-wisps
  A salamander (D:15)
  5 vault sentinels
  Joseph (D:7)
  A rust devil (Abyss:2)
  A dire elephant zombie (Abyss:2)
  17 torpor snails
  A frost giant skeleton (Depths:3)
  7 black mambas
  2 titan simulacra (Depths:3)
  4 storm dragon simulacra (Depths:3)
  A gargoyle (D:13)
  An apocalypse crab (Abyss:2)
  An orange demon (D:10)
  14 cane toads
  4 kobold demonologists
  5 smoke demons
  2 unseen horrors (D:12)
  9 rime drakes
  A tormentor (Abyss:2)
  2 tengu conjurers
  10 komodo dragons
  An ancient zyme (Abyss:2)
  A bunyip simulacrum (Swamp:2)
  An efreet (Abyss:2)
  A spectral glowing shapeshifter (Depths:3)
  3 freezing wraiths
  12 yaktaurs
  A yaktaur skeleton (Vaults:2)
  A golden dragon simulacrum (Depths:3)
  5 trolls
  18 tyrant leeches
  3 bloated husks
  A polar bear (shapeshifter) (D:13)
  A death drake zombie (Swamp:4)
  3 hydra zombies
  22 hornets
  2 hydra skeletons (Swamp:4)
  16 raiju (Abyss:2)
  13 blink frogs
  28 tarantellas
  2 human simulacra
  18 slime creatures
  An iron dragon simulacrum (Depths:3)
  13 dream sheep
  2 sphinx simulacra (Depths:3)
  32 jumping spiders
  33 culicivoras
  4 shadows
  4 ynoxinuls (Abyss:2)
  2 water elementals
  A culicivora (shapeshifter) (D:11)
  4 large abominations (Abyss:2)
  9 spriggans
  4 small abominations
  8 wraiths
  6 wyverns
  6 basilisks
  43 yaks
  3 vampire mosquitoes (Swamp:2)
  Edmund (D:4)
  46 redbacks
  A chaos spawn (Abyss:2)
  2 steam dragons
  Menkaure (D:7)
  A spatial vortex (Abyss:2)
  15 swamp worms
  2 acid dragons (Lair:5)
  2 hydra simulacra (Swamp:4)
  4 wargs
  12 water moccasins
  2 floating eyes
  A floating eye (shapeshifter) (Vaults:4)
  A glowing shapeshifter skeleton (Vaults:2)
  5 swamp drakes
  2 sky beasts
  A black bear (D:4)
  2 swamp dragon zombies (Swamp:4)
  An alligator simulacrum (Swamp:2)
  18 orc warriors
  4 ogres
  9 wolves
  11 boggarts
  7 centaurs
  A phantom (D:4)
  4 elf zombies (D:7)
  8 kobold brigands
  20 bullfrogs
  2 glowing shapeshifter simulacra (Depths:3)
  2 scorpions
  2 elf skeletons (D:7)
  A water moccasin zombie (Ossuary)
  8 wights
  2 troll zombies (D:10)
  An orc simulacrum (Vaults:1)
  4 electric eels
  2 howler monkeys
  2 bullfrog zombies (Ossuary)
  A quasit (Abyss:2)
  3 centaur zombies (Ossuary)
  2 iron imps (Abyss:2)
  A hound (D:4)
  13 orc priests
  2 human zombies
  3 jellies
  6 gnoll boudas
  4 human skeletons
  A sleepcap (D:7)
  12 iguanas
  15 orc wizards
  2 hell rats (Lair:3)
  3 scorpion zombies (Ossuary)
  6 ogre zombies (D:10)
  34 gnolls
  7 adders
  7 river rats (Lair:3)
  A shadow imp (D:8)
  2 white imps
  2 ufetubi
  4 adder zombies (Ossuary)
  2 worms (D:3)
  53 orcs
  9 ball pythons
  5 bats
  6 endoplasms
  6 giant cockroaches
  A gnoll zombie (Ossuary)
  13 goblins
  7 hobgoblins
  4 jackals (D:2)
  2 quokkas
  2 frilled lizards (D:1)
  A goblin skeleton (D:10)
  11 goblin zombies
  3 hobgoblin skeletons (D:10)
  5 hobgoblin zombies
  44 kobolds
  5 orc skeletons
  12 orc zombies (D:10)
  11 rats
  6 starspawn tentacles (Abyss:2)
1610 creatures vanquished.

Vanquished Creatures (others)
  A fire giant (Depths:1)
  2 ghost moths (Spider:4)
  A sun moth (Spider:2)
  A deep troll (Depths:2)
  2 wizards (Vaults:4)
  A kobold demonologist (D:14)
  A yaktaur zombie (Vaults:1)
  2 bloated husks
  A blink frog (Lair:3)
  2 yaks (Lair:5)
  3 vampire mosquitoes (Swamp:2)
  A swamp worm (Swamp:1)
  A boggart (Vaults:1)
  24 foxfires
  6 starspawn tentacles (Abyss:2)
49 creatures vanquished.

Grand Total: 1659 creatures vanquished

Notes
Turn   | Place    | Note
-------+----------+-------------------------------------------
     0 | D:1      | qw the Gargoyle Fighter began the quest for the Orb.
     0 | D:1      | Reached XP level 1. HP: 14/14 MP: 1/1
     0 | D:1      | 0 ||| qw: Version: 0.3-a-40-ge99b1a8
     0 | D:1      | 0 ||| qw: Game counter: 61
     0 | D:1      | 0 ||| qw: Melee chars always use a shield: true
     0 | D:1      | 0 ||| qw: God list: Okawaru
     0 | D:1      | 0 ||| qw: Allow faded altars: false
     0 | D:1      | 0 ||| qw: Do Orc after clearing Dungeon:15 true
     0 | D:1      | 0 ||| qw: Do second Lair branch before Depths: true
     0 | D:1      | 0 ||| qw: Lair rune preference: random
     0 | D:1      | 0 ||| qw: Goals: Normal, Zot:1-4, Slime:5, God:TSO, Crypt,
                  | Tomb, Abyss, Pan, Hells, Win
     0 | D:1      | 0 ||| PLANNING D:1-11
   106 | D:1      | 106 ||| Stepping ~*~*~tactically~*~*~ (stealth).
   184 | D:1      | Reached XP level 2. HP: 19/19 MP: 2/2
   240 | D:1      | 240 ||| Stepping ~*~*~tactically~*~*~ (hiding).
   259 | D:1      | 259 ||| DROPPING +0 club.
   734 | D:1      | 734 ||| UPGRADING to amulet of regeneration.
   739 | D:1      | 739 ||| UPGRADING to +6 ring of strength.
   740 | D:1      | 740 ||| READING scroll labelled MODI POTITEC.
   741 | D:1      | 741 ||| READING scroll labelled TUMINT BOESM.
   742 | D:1      | 742 ||| READING scroll labelled QIJIUCKIRI.
   743 | D:1      | 743 ||| DRINKING 2 clear potions.
   804 | D:2      | Reached skill level 3 in Axes
   804 | D:2      | Reached XP level 3. HP: 23/23 MP: 3/3
   826 | D:2      | Reached skill level 1 in Throwing
   916 | D:2      | Reached XP level 4. HP: 27/28 MP: 4/4
  1447 | D:2      | 1447 ||| UPGRADING to +0 pair of boots.
  1452 | D:2      | 1452 ||| READING scroll labelled ZESEAX VUQUN HOYKH.
  1453 | D:2      | 1453 ||| READING scroll labelled ACRIWN BOFYSEUTOT.
  1454 | D:2      | 1454 ||| READING scroll labelled SOOC IFEITTE.
  1455 | D:2      | 1455 ||| READING scroll labelled KYSILI ODUMO.
  1456 | D:2      | 1456 ||| DRINKING 3 sapphire potions.
  1492 | D:3      | 1492 ||| PLANNING SEWER
  1519 | D:3      | Found a glowing drain.
  1527 | D:3      | 1527 ||| Stepping ~*~*~tactically~*~*~ (water).
  1534 | Sewer    | Entered a sewer
  1671 | Sewer    | 1671 ||| Stepping ~*~*~tactically~*~*~ (water).
  1747 | Sewer    | 1747 ||| DRINKING 2 fuming brown potions.
  1748 | Sewer    | 1748 ||| DRINKING 2 bubbling yellow potions.
  1749 | Sewer    | 1749 ||| DRINKING 2 ruby potions.
  1750 | Sewer    | 1750 ||| DROPPING potion of invisibility.
  1751 | Sewer    | 1751 ||| DROPPING potion of brilliance.
  1766 | D:3      | 1766 ||| PLANNING D:1-11
  1774 | D:3      | 1774 ||| Stepping ~*~*~tactically~*~*~ (stealth).
  1776 | D:3      | 1776 ||| Stepping ~*~*~tactically~*~*~ (stealth).
  1778 | D:3      | 1778 ||| Stepping ~*~*~tactically~*~*~ (stealth).
  1779 | D:3      | 1779 ||| Stepping ~*~*~tactically~*~*~ (stealth).
  1780 | D:3      | 1780 ||| Stepping ~*~*~tactically~*~*~ (stealth).
  1781 | D:3      | 1781 ||| Stepping ~*~*~tactically~*~*~ (stealth).
  1827 | D:3      | 1827 ||| DROPPING +0 whip.
  2070 | D:3      | Reached XP level 5. HP: 32/32 MP: 5/5
  2112 | D:3      | 2112 ||| Stepping ~*~*~tactically~*~*~ (stealth).
  2114 | D:3      | 2114 ||| Stepping ~*~*~tactically~*~*~ (hiding).
  2322 | D:3      | 2322 ||| UPGRADING to ring of resist corrosion.
  2323 | D:3      | 2323 ||| READING scroll labelled OSEEKU BIRIUZI.
  2324 | D:3      | 2324 ||| READING 2 scrolls of identify.
  2324 | D:3      | 2324 ||| IDENTIFYING lumpy inky potion
  2407 | D:4      | 2407 ||| STAIRDANCE
  2411 | D:3      | 2411 ||| DRINKING potion of curing.
  2411 | D:3      | 2411 ||| (to cure confusion)
  2438 | D:4      | Noticed a black bear
  2450 | D:4      | Killed a black bear
  2451 | D:4      | Reached XP level 6. HP: 26/37 MP: 6/6
  2538 | D:4      | Noticed Edmund
  2551 | D:4      | Killed Edmund
  2583 | D:4      | Found an ornate altar of the Wu Jian Council.
  2672 | D:4      | Found a staircase to the Ecumenical Temple.
  2673 | D:4      | 2673 ||| PLANNING TEMPLE
  2683 | Temple   | Entered the Ecumenical Temple
  2877 | Temple   | 2877 ||| PLANNING D:1-11
  2980 | D:4      | Reached XP level 7. HP: 41/44 MP: 7/7
  3159 | D:4      | Found a stormy altar of Qazlal.
  3244 | D:4      | Found a shadowy altar of Dithmenos.
  3249 | D:4      | Found a white marble altar of Elyvilon.
  3263 | D:4      | Reached skill level 6 in Axes
  3431 | D:4      | 3431 ||| UPGRADING to +0 cloak.
  3436 | D:4      | 3436 ||| UPGRADING to +0 chain mail.
  3446 | D:4      | 3446 ||| DROPPING +0 scale mail.
  3447 | D:4      | 3447 ||| READING scroll labelled VURCHEA ERAGUASOIS.
  3450 | D:4      | 3450 ||| READING 2 scrolls of identify.
  3450 | D:4      | 3450 ||| IDENTIFYING brown potion
  3461 | D:5      | Entered Level 5 of the Dungeon
  3488 | D:5      | 3488 ||| Stepping ~*~*~tactically~*~*~ (stealth).
  3488 | D:5      | Found an iron altar of Okawaru.
  3490 | D:5      | 3490 ||| PLANNING OKAWARU WORSHIP
  3495 | D:5      | Became a worshipper of Warmaster Okawaru
  3496 | D:5      | 3496 ||| PLANNING D:1-11
  3573 | D:5      | 3573 ||| Stepping ~*~*~tactically~*~*~ (stealth).
  3574 | D:5      | 3574 ||| Stepping ~*~*~tactically~*~*~ (stealth).
  3576 | D:5      | 3576 ||| Stepping ~*~*~tactically~*~*~ (hiding).
  3577 | D:5      | 3577 ||| Stepping ~*~*~tactically~*~*~ (hiding).
  3604 | D:5      | Reached XP level 8. HP: 31/48 MP: 8/8
  3648 | D:5      | 3648 ||| DRINKING 2 potions of curing.
  3648 | D:5      | 3648 ||| (to cure confusion)
  3653 | D:5      | 3653 ||| DRINKING potion of curing.
  3653 | D:5      | 3653 ||| (to cure confusion)
  3674 | D:5      | 3674 ||| Stepping ~*~*~tactically~*~*~ (hiding).
  3676 | D:5      | 3676 ||| Stepping ~*~*~tactically~*~*~ (hiding).
  3677 | D:5      | 3677 ||| Stepping ~*~*~tactically~*~*~ (hiding).
  3785 | D:5      | 3785 ||| Stepping ~*~*~tactically~*~*~ (hiding).
  3788 | D:5      | 3788 ||| Stepping ~*~*~tactically~*~*~ (hiding).
  3797 | D:5      | 3797 ||| Stepping ~*~*~tactically~*~*~ (hiding).
  4019 | D:6      | Reached * piety under Okawaru
  4020 | D:6      | 4020 ||| INVOKING Heroism.
  4095 | D:6      | Noticed qw's ghost (novice NaHu)
  4097 | D:6      | Found a transporter.
  4221 | D:6      | Reached skill level 1 in Invocations
  4260 | D:6      | 4260 ||| Stepping ~*~*~tactically~*~*~ (stealth).
  4262 | D:6      | 4262 ||| Stepping ~*~*~tactically~*~*~ (stealth).
  4286 | D:6      | 4286 ||| Stepping ~*~*~tactically~*~*~ (stealth).
  4293 | D:6      | 4293 ||| Stepping ~*~*~tactically~*~*~ (hiding).
  4294 | D:6      | 4294 ||| INVOKING Heroism.
  4296 | D:6      | 4296 ||| Stepping ~*~*~tactically~*~*~ (stealth).
  4300 | D:6      | Found a hide-covered altar of Uskayaw.
  4309 | D:6      | 4309 ||| INVOKING Heroism.
  4313 | D:6      | Reached skill level 6 in Fighting
  4328 | D:6      | Noticed a cyclops
  4343 | D:6      | Killed a cyclops
  4344 | D:6      | Reached XP level 9. HP: 43/55 MP: 10/10
  4386 | D:6      | Reached skill level 9 in Axes
  4543 | D:6      | Found a hazy altar of Hepliaklqana.
  4548 | D:6      | Found a radiant altar of Vehumet.
  4724 | D:6      | Found a transporter.
  4788 | D:6      | 4788 ||| READING scroll labelled PAALUO MOLAR.
  4815 | D:7      | 4815 ||| PLANNING OSSUARY
  4863 | D:7      | Noticed Menkaure
  4864 | D:7      | 4864 ||| INVOKING Heroism.
  4874 | D:7      | Killed Menkaure
  4879 | D:7      | 4879 ||| INVOKING Heroism.
  4921 | D:7      | 4921 ||| Stepping ~*~*~tactically~*~*~ (hiding).
  4926 | D:7      | 4926 ||| INVOKING Heroism.
  4930 | D:7      | Noticed a hornet
  4933 | D:7      | 4933 ||| Stepping ~*~*~tactically~*~*~ (stealth).
  4940 | D:7      | 4940 ||| Stepping ~*~*~tactically~*~*~ (stealth).
  4942 | D:7      | 4942 ||| Stepping ~*~*~tactically~*~*~ (stealth).
  4944 | D:7      | 4944 ||| Stepping ~*~*~tactically~*~*~ (stealth).
  4957 | D:7      | 4957 ||| INVOKING Heroism.
  4959 | D:7      | Killed a hornet
  4960 | D:7      | Reached skill level 3 in Invocations
  4989 | D:7      | 4989 ||| INVOKING Heroism.
  5206 | D:7      | Found a glowing silver altar of Zin.
  5337 | D:7      | Reached ** piety under Okawaru
  5339 | D:7      | Found a sand-covered staircase.
  5354 | D:7      | 5354 ||| UPGRADING to +0 plate armour.
  5364 | D:7      | 5364 ||| DROPPING +0 chain mail.
  5365 | D:7      | 5365 ||| READING scroll labelled XAEROU XANLASH.
  5365 | D:7      | Identified a scroll of acquirement
  5365 | D:7      | 5365 ||| ACQUIRING +2 helmet of Pantheism {Str+4}
  5365 | D:7      | Acquired the +2 helmet of Pantheism {Str+4}
  5369 | Ossuary  | Entered an ossuary
  5533 | Ossuary  | Reached skill level 6 in Armour
  5533 | Ossuary  | Reached XP level 10. HP: 63/63 MP: 13/13
  5636 | Ossuary  | 5636 ||| DRINKING 3 fizzy clear potions.
  5637 | Ossuary  | 5637 ||| DRINKING 2 potions of curing.
  5637 | Ossuary  | 5637 ||| (to cure confusion)
  5638 | Ossuary  | 5638 ||| DROPPING 2 potions of ambrosia.
  5643 | D:7      | 5643 ||| PLANNING D:1-11
  5726 | D:7      | Noticed Joseph
  5728 | D:7      | 5728 ||| Stepping ~*~*~tactically~*~*~ (hiding).
  5730 | D:7      | 5730 ||| Stepping ~*~*~tactically~*~*~ (hiding).
  5753 | D:7      | Killed Joseph
  6014 | D:7      | 6014 ||| INVOKING Heroism.
  6018 | D:7      | 6018 ||| Stepping ~*~*~tactically~*~*~ (hiding).
  6032 | D:7      | 6032 ||| Stepping ~*~*~tactically~*~*~ (hiding).
  6033 | D:7      | 6033 ||| Stepping ~*~*~tactically~*~*~ (hiding).
  6106 | D:7      | 6106 ||| Stepping ~*~*~tactically~*~*~ (hiding).
  6109 | D:7      | 6109 ||| INVOKING Heroism.
  6141 | D:7      | 6141 ||| UPGRADING to +2 helmet of Pantheism {Str+4}.
  6146 | D:7      | 6146 ||| READING 2 scrolls labelled ZYLOPAB MOOPEK.
  6147 | D:7      | 6147 ||| READING 2 scrolls labelled RUSYFA YGEFULI.
  6148 | D:7      | 6148 ||| READING 3 scrolls labelled LIRU UFOMINT.
  6149 | D:7      | 6149 ||| READING 2 scrolls of enchant armour.
  6149 | D:7      | 6149 ||| ENCHANTING +0 pair of boots.
  6150 | D:7      | 6150 ||| READING scroll of enchant armour.
  6150 | D:7      | 6150 ||| ENCHANTING +1 pair of boots.
  6151 | D:7      | 6151 ||| READING 5 scrolls of identify.
  6151 | D:7      | 6151 ||| IDENTIFYING yellow potion
  6152 | D:7      | 6152 ||| READING 4 scrolls of identify.
  6152 | D:7      | 6152 ||| IDENTIFYING viscous grey potion
  6153 | D:7      | 6153 ||| READING 3 scrolls of identify.
  6153 | D:7      | 6153 ||| IDENTIFYING dark potion
  6154 | D:7      | 6154 ||| READING 2 scrolls of identify.
  6154 | D:7      | 6154 ||| IDENTIFYING lumpy grey potion
  6155 | D:7      | 6155 ||| DROPPING scroll of amnesia.
  6156 | D:7      | 6156 ||| DROPPING potion of degeneration.
  6157 | D:7      | 6157 ||| DROPPING scroll of fear.
  6246 | D:8      | 6246 ||| INVOKING Heroism.
  6300 | D:8      | 6300 ||| INVOKING Heroism.
  6307 | D:8      | 6307 ||| Stepping ~*~*~tactically~*~*~ (cloud).
  6334 | D:8      | 6334 ||| Stepping ~*~*~tactically~*~*~ (hiding).
  6462 | D:8      | 6462 ||| INVOKING Heroism.
  6729 | D:8      | Found a sacrificial altar of Ru.
  6803 | D:8      | 6803 ||| Stepping ~*~*~tactically~*~*~ (stealth).
  6806 | D:8      | 6806 ||| Stepping ~*~*~tactically~*~*~ (stealth).
  6931 | D:8      | 6931 ||| INVOKING Heroism.
  7050 | D:8      | 7050 ||| READING scroll labelled MEMO GEIRU.
  7070 | D:9      | Found a flagged portal.
  7104 | D:9      | 7104 ||| Stepping ~*~*~tactically~*~*~ (hiding).
  7105 | D:9      | 7105 ||| Stepping ~*~*~tactically~*~*~ (hiding).
  7106 | D:9      | 7106 ||| Stepping ~*~*~tactically~*~*~ (hiding).
  7107 | D:9      | 7107 ||| Stepping ~*~*~tactically~*~*~ (hiding).
  7352 | D:9      | 7352 ||| Stepping ~*~*~tactically~*~*~ (hiding).
  7388 | D:9      | 7388 ||| Stepping ~*~*~tactically~*~*~ (hiding).
  7393 | D:9      | 7393 ||| Stepping ~*~*~tactically~*~*~ (hiding).
  7714 | D:9      | Noticed a deep elf pyromancer
  7720 | D:9      | Killed a deep elf pyromancer
  7720 | D:9      | Reached *** piety under Okawaru
  7930 | D:10     | Entered Level 10 of the Dungeon
  7930 | D:10     | Noticed Amaemon
  7930 | D:10     | Noticed an orange demon
  7931 | D:10     | 7931 ||| INVOKING Heroism.
  7944 | D:10     | Killed an orange demon
  7948 | D:10     | Killed Amaemon
  7949 | D:10     | Reached XP level 11. HP: 65/68 MP: 12/14
  7966 | D:10     | Found a burning altar of Makhleb.
  7991 | D:10     | Noticed Fannar
  7999 | D:10     | 7999 ||| INVOKING Heroism.
  8006 | D:10     | Killed Fannar
  8139 | D:10     | Found a staircase to the Orcish Mines.
  8146 | D:10     | 8146 ||| INVOKING Heroism.
  8149 | D:10     | Reached skill level 9 in Fighting
  8278 | D:10     | 8278 ||| Stepping ~*~*~tactically~*~*~ (hiding).
  8279 | D:10     | 8279 ||| Stepping ~*~*~tactically~*~*~ (hiding).
  8281 | D:10     | 8281 ||| Stepping ~*~*~tactically~*~*~ (hiding).
  8282 | D:10     | 8282 ||| Stepping ~*~*~tactically~*~*~ (stealth).
  8284 | D:10     | 8284 ||| Stepping ~*~*~tactically~*~*~ (hiding).
  8297 | D:10     | Reached **** piety under Okawaru
  8299 | D:10     | 8299 ||| INVOKING Heroism.
  8336 | D:10     | 8336 ||| INVOKING Heroism.
  8432 | D:10     | 8432 ||| Stepping ~*~*~tactically~*~*~ (hiding).
  8449 | D:10     | Noticed a sun demon
  8449 | D:10     | 8449 ||| INVOKING Heroism.
  8536 | D:10     | Noticed a two-headed ogre
  8537 | D:10     | 8537 ||| INVOKING Heroism.
  8549 | D:10     | Killed a two-headed ogre
  8550 | D:10     | Reached skill level 12 in Axes
  8657 | D:10     | Found Sesetriv's Distillery.
  8661 | D:10     | 8661 ||| BUYING potion of curing (33 gold).
  8661 | D:10     | Bought a potion of curing for 33 gold pieces
  8661 | D:10     | 8661 ||| BUYING potion of enlightenment (55 gold).
  8661 | D:10     | Bought a potion of enlightenment for 55 gold pieces
  8661 | D:10     | 8661 ||| BUYING potion of heal wounds (55 gold).
  8661 | D:10     | Bought a potion of heal wounds for 55 gold pieces
  8661 | D:10     | 8661 ||| BUYING potion of heal wounds (55 gold).
  8661 | D:10     | Bought a potion of heal wounds for 55 gold pieces
  8661 | D:10     | 8661 ||| BUYING potion of might (44 gold).
  8661 | D:10     | Bought a potion of might for 44 gold pieces
  8661 | D:10     | 8661 ||| BUYING potion of might (44 gold).
  8661 | D:10     | Bought a potion of might for 44 gold pieces
  8661 | D:10     | 8661 ||| BUYING potion of mutation (88 gold).
  8661 | D:10     | Bought a potion of mutation for 88 gold pieces
  8726 | D:10     | 8726 ||| UPGRADING to +2 buckler.
  8736 | D:10     | 8736 ||| DROPPING +0 buckler.
  8737 | D:10     | 8737 ||| UPGRADING to +5 ring of evasion.
  8739 | D:10     | 8739 ||| UPGRADING to +6 ring of strength.
  8741 | D:10     | 8741 ||| READING 2 scrolls of identify.
  8741 | D:10     | 8741 ||| IDENTIFYING sedimented emerald potion
  8785 | D:11     | Found a staircase to the Lair.
  8785 | D:11     | Noticed an oklob plant
  8786 | D:11     | 8786 ||| INVOKING Heroism.
  8787 | D:11     | Noticed an oklob plant
  8796 | D:11     | Killed an oklob plant
  8806 | D:11     | 8806 ||| INVOKING Heroism.
  8819 | D:11     | Killed an oklob plant
  8820 | D:11     | Reached skill level 6 in Shields
  8837 | D:11     | Noticed a boulder beetle
  8838 | D:11     | 8838 ||| INVOKING Heroism.
  8866 | D:11     | Killed a boulder beetle
  8885 | D:11     | 8885 ||| INVOKING Heroism.
  8912 | D:11     | 8912 ||| Stepping ~*~*~tactically~*~*~ (stealth).
  8914 | D:11     | 8914 ||| Stepping ~*~*~tactically~*~*~ (stealth).
  8915 | D:11     | 8915 ||| Stepping ~*~*~tactically~*~*~ (stealth).
  8916 | D:11     | 8916 ||| Stepping ~*~*~tactically~*~*~ (stealth).
  8917 | D:11     | 8917 ||| INVOKING Heroism.
  8933 | D:11     | Noticed a two-headed ogre
  8934 | D:11     | 8934 ||| INVOKING Heroism.
  8945 | D:11     | Killed a two-headed ogre
  8946 | D:11     | Reached skill level 9 in Armour
  9116 | D:11     | Noticed a cyclops
  9117 | D:11     | 9117 ||| Stepping ~*~*~tactically~*~*~ (hiding).
  9119 | D:11     | 9119 ||| INVOKING Heroism.
  9132 | D:11     | Killed a cyclops
  9133 | D:11     | Reached XP level 12. HP: 68/76 MP: 14/16
  9364 | D:11     | 9364 ||| Stepping ~*~*~tactically~*~*~ (hiding).
  9365 | D:11     | 9365 ||| Stepping ~*~*~tactically~*~*~ (hiding).
  9366 | D:11     | 9366 ||| Stepping ~*~*~tactically~*~*~ (hiding).
  9378 | D:11     | 9378 ||| INVOKING Heroism.
  9382 | D:11     | Reached skill level 6 in Invocations
  9739 | D:11     | 9739 ||| PLANNING LAIR
  9739 | D:11     | 9739 ||| UPGRADING to amulet of faith.
  9749 | D:11     | 9749 ||| DRINKING 2 murky sapphire potions.
  9854 | D:11     | 9854 ||| DROPPING potion of berserk rage.
  9873 | Lair:1   | Entered Level 1 of the Lair of Beasts
  9960 | Lair:1   | 9960 ||| Stepping ~*~*~tactically~*~*~ (hiding).
  9961 | Lair:1   | 9961 ||| INVOKING Heroism.
  9987 | Lair:1   | Reached ***** piety under Okawaru
 10001 | Lair:1   | 10001 ||| Stepping ~*~*~tactically~*~*~ (stealth).
 10238 | Lair:1   | 10238 ||| READING scroll of enchant weapon.
 10238 | Lair:1   | 10238 ||| ENCHANTING +1 war axe of protection.
 10280 | Lair:1   | 10280 ||| Stepping ~*~*~tactically~*~*~ (stealth).
 10345 | Lair:1   | 10345 ||| Stepping ~*~*~tactically~*~*~ (hiding).
 10514 | Lair:1   | Identified the +2 pair of gloves "Etwumn" {Int-2 Dex+4
                  | Stlth+} (Okawaru gifted it to you on level 1 of the Lair of
                  | Beasts)
 10514 | Lair:1   | Received a gift from Okawaru
 10964 | Lair:1   | 10964 ||| Stepping ~*~*~tactically~*~*~ (stealth).
 10966 | Lair:1   | 10966 ||| Stepping ~*~*~tactically~*~*~ (stealth).
 10967 | Lair:1   | 10967 ||| Stepping ~*~*~tactically~*~*~ (stealth).
 10982 | Lair:1   | Reached skill level 9 in Invocations
 11128 | Lair:1   | 11128 ||| INVOKING Heroism.
 11141 | Lair:1   | Reached XP level 13. HP: 68/82 MP: 18/20
 11268 | Lair:1   | 11268 ||| DROPPING +2 pair of boots.
 11269 | Lair:1   | 11269 ||| UPGRADING to +2 pair of gloves "Etwumn" {Int-2
                  | Dex+4 Stlth+}.
 11321 | Lair:2   | 11321 ||| INVOKING Heroism.
 11333 | Lair:2   | 11333 ||| Stepping ~*~*~tactically~*~*~ (stealth).
 11416 | Lair:2   | 11416 ||| Stepping ~*~*~tactically~*~*~ (stealth).
 11418 | Lair:2   | 11418 ||| INVOKING Heroism.
 11419 | Lair:2   | 11419 ||| INVOKING Finesse.
 11434 | Lair:2   | Reached skill level 3 in Dodging
 11512 | Lair:2   | Found a shadowy altar of Dithmenos.
 11546 | Lair:2   | 11546 ||| INVOKING Heroism.
 11647 | Lair:2   | 11647 ||| INVOKING Heroism.
 11798 | Lair:2   | Found a snail-covered altar of Cheibriados.
 11800 | Lair:2   | 11800 ||| INVOKING Heroism.
 11824 | Lair:2   | 11824 ||| Stepping ~*~*~tactically~*~*~ (hiding).
 11877 | Lair:2   | 11877 ||| Stepping ~*~*~tactically~*~*~ (stealth).
 11878 | Lair:2   | 11878 ||| Stepping ~*~*~tactically~*~*~ (stealth).
 11880 | Lair:2   | 11880 ||| Stepping ~*~*~tactically~*~*~ (stealth).
 11904 | Lair:2   | Received a gift from Okawaru
 12038 | Lair:2   | Noticed Sonja
 12040 | Lair:2   | 12040 ||| INVOKING Finesse.
 12074 | Lair:2   | Killed Sonja
 12136 | Lair:2   | 12136 ||| INVOKING Heroism.
 12137 | Lair:2   | 12137 ||| INVOKING Finesse.
 12138 | Lair:2   | 12138 ||| Stepping ~*~*~tactically~*~*~ (stealth).
 12172 | Lair:2   | Received a gift from Okawaru
 12457 | Lair:2   | 12457 ||| FLEEEEING.
 12458 | Lair:2   | 12458 ||| FLEEEEING.
 12459 | Lair:2   | 12459 ||| FLEEEEING.
 12460 | Lair:2   | 12460 ||| FLEEEEING.
 12461 | Lair:2   | 12461 ||| FLEEEEING.
 12462 | Lair:2   | 12462 ||| FLEEEEING.
 12463 | Lair:2   | 12463 ||| FLEEEEING.
 12464 | Lair:2   | 12464 ||| FLEEEEING.
 12465 | Lair:2   | 12465 ||| FLEEEEING.
 12466 | Lair:2   | 12466 ||| FLEEEEING.
 12467 | Lair:2   | 12467 ||| FLEEEEING.
 12468 | Lair:2   | 12468 ||| FLEEEEING.
 12469 | Lair:2   | 12469 ||| FLEEEEING.
 12470 | Lair:2   | 12470 ||| FLEEEEING.
 12471 | Lair:2   | 12471 ||| FLEEEEING.
 12472 | Lair:2   | 12472 ||| FLEEEEING.
 12473 | Lair:2   | 12473 ||| FLEEEEING.
 12474 | Lair:2   | 12474 ||| INVOKING Heroism.
 12626 | Lair:2   | 12626 ||| INVOKING Heroism.
 12639 | Lair:2   | 12639 ||| INVOKING Heroism.
 12972 | Lair:3   | 12972 ||| Stepping ~*~*~tactically~*~*~ (stealth).
 12992 | Lair:3   | Found a hole to the Spider Nest.
 12992 | Lair:3   | Noticed Urug
 12993 | Lair:3   | 12993 ||| INVOKING Heroism.
 13003 | Lair:3   | Killed Urug
 13004 | Lair:3   | Reached skill level 3 in Throwing
 13055 | Lair:3   | 13055 ||| Stepping ~*~*~tactically~*~*~ (stealth).
 13056 | Lair:3   | 13056 ||| Stepping ~*~*~tactically~*~*~ (stealth).
 13130 | Lair:3   | 13130 ||| INVOKING Heroism.
 13137 | Lair:3   | 13137 ||| Stepping ~*~*~tactically~*~*~ (stealth).
 13138 | Lair:3   | 13138 ||| Stepping ~*~*~tactically~*~*~ (hiding).
 13201 | Lair:3   | Found a staircase to the Swamp.
 13226 | Lair:3   | 13226 ||| Stepping ~*~*~tactically~*~*~ (stealth).
 13265 | Lair:3   | 13265 ||| Stepping ~*~*~tactically~*~*~ (stealth).
 13266 | Lair:3   | 13266 ||| Stepping ~*~*~tactically~*~*~ (stealth).
 13327 | Lair:3   | 13327 ||| Stepping ~*~*~tactically~*~*~ (water).
 13428 | Lair:3   | 13428 ||| Stepping ~*~*~tactically~*~*~ (stealth).
 13429 | Lair:3   | 13429 ||| Stepping ~*~*~tactically~*~*~ (stealth).
 13455 | Lair:3   | 13455 ||| INVOKING Heroism.
 13482 | Lair:3   | 13482 ||| DRINKING potion of cancellation.
 13534 | Lair:3   | 13534 ||| FLEEEEING.
 13535 | Lair:3   | 13535 ||| FLEEEEING.
 13536 | Lair:3   | 13536 ||| FLEEEEING.
 13537 | Lair:3   | 13537 ||| FLEEEEING.
 13538 | Lair:3   | 13538 ||| FLEEEEING.
 13542 | Lair:3   | 13542 ||| INVOKING Heroism.
 13660 | Lair:3   | You fall into a shaft and drop 2 floors!
 13660 | Lair:5   | Entered Level 5 of the Lair of Beasts
 13664 | Lair:5   | 13664 ||| INVOKING Heroism.
 13789 | Lair:4   | 13789 ||| INVOKING Heroism.
 13792 | Lair:4   | Gained mutation: Your large and strong wings let you fly.
                  | [Gargoyle growth]
 13792 | Lair:4   | Reached XP level 14. HP: 90/90 MP: 18/21
 13914 | Lair:4   | 13914 ||| Stepping ~*~*~tactically~*~*~ (stealth).
 13916 | Lair:4   | Noticed Snorg
 13917 | Lair:4   | 13917 ||| Stepping ~*~*~tactically~*~*~ (stealth).
 13920 | Lair:4   | 13920 ||| INVOKING Heroism.
 13936 | Lair:4   | 13936 ||| INVOKING Heroism.
 13938 | Lair:4   | Killed Snorg
 13990 | Lair:4   | 13990 ||| INVOKING Heroism.
 13996 | Lair:4   | 13996 ||| SWAPPING to +1 demon whip of venom.
 14003 | Lair:4   | 14003 ||| SWAPPING to +2 war axe of protection.
 14275 | Lair:3   | 14275 ||| INVOKING Heroism.
 14279 | Lair:3   | 14279 ||| SWAPPING to +1 demon whip of venom.
 14284 | Lair:3   | 14284 ||| SWAPPING to +2 war axe of protection.
 14498 | Lair:3   | 14498 ||| DROPPING ring of positive energy.
 14618 | Lair:4   | 14618 ||| Stepping ~*~*~tactically~*~*~ (stealth).
 14650 | Lair:4   | 14650 ||| INVOKING Heroism.
 14656 | Lair:4   | 14656 ||| SWAPPING to +1 demon whip of venom.
 14659 | Lair:4   | 14659 ||| SWAPPING to +2 war axe of protection.
 14702 | Lair:4   | 14702 ||| Stepping ~*~*~tactically~*~*~ (stealth).
 14710 | Lair:4   | 14710 ||| Stepping ~*~*~tactically~*~*~ (stealth).
 14714 | Lair:4   | 14714 ||| Stepping ~*~*~tactically~*~*~ (stealth).
 14908 | Lair:4   | Reached skill level 15 in Axes
 15056 | Lair:4   | 15056 ||| Stepping ~*~*~tactically~*~*~ (stealth).
 15090 | Lair:4   | 15090 ||| Stepping ~*~*~tactically~*~*~ (stealth).
 15091 | Lair:4   | 15091 ||| Stepping ~*~*~tactically~*~*~ (stealth).
 15093 | Lair:4   | 15093 ||| Stepping ~*~*~tactically~*~*~ (stealth).
 15095 | Lair:4   | 15095 ||| Stepping ~*~*~tactically~*~*~ (stealth).
 15329 | Lair:5   | 15329 ||| INVOKING Heroism.
 15330 | Lair:5   | 15330 ||| SWAPPING to +1 demon whip of venom.
 15335 | Lair:5   | Received a gift from Okawaru
 15343 | Lair:5   | 15343 ||| SWAPPING to +2 war axe of protection.
 15372 | Lair:5   | 15372 ||| INVOKING Heroism.
 15518 | Lair:5   | 15518 ||| Stepping ~*~*~tactically~*~*~ (hiding).
 15560 | Lair:5   | Found a viscous altar of Jiyva.
 15562 | Lair:5   | Found a staircase to the Slime Pits.
 15599 | Lair:5   | Identified the +2 ring mail "Wuhuhy" {rElec rCorr Str+3}
 15607 | Lair:5   | Received a gift from Okawaru
 15639 | Lair:5   | 15639 ||| Stepping ~*~*~tactically~*~*~ (stealth).
 15641 | Lair:5   | 15641 ||| Stepping ~*~*~tactically~*~*~ (stealth).
 15659 | Lair:5   | Reached skill level 12 in Fighting
 15665 | Lair:5   | Found a sparkling altar of Nemelex Xobeh.
 15883 | Lair:5   | 15883 ||| Stepping ~*~*~tactically~*~*~ (stealth).
 15890 | Lair:5   | 15890 ||| Stepping ~*~*~tactically~*~*~ (stealth).
 15914 | Lair:5   | 15914 ||| Stepping ~*~*~tactically~*~*~ (hiding).
 16065 | Lair:5   | Identified the +6 chain mail "Nibliobb" {Regen+ Str+2
                  | Stlth+}
 16098 | Lair:5   | 16098 ||| READING scroll of enchant weapon.
 16098 | Lair:5   | 16098 ||| ENCHANTING +2 war axe of protection.
 16237 | Lair:5   | Found a runed translucent door.
 16239 | Lair:5   | 16239 ||| INVOKING Heroism.
 16271 | Lair:5   | 16271 ||| Stepping ~*~*~tactically~*~*~ (stealth).
 16273 | Lair:5   | 16273 ||| INVOKING Heroism.
 16288 | Lair:5   | 16288 ||| Stepping ~*~*~tactically~*~*~ (stealth).
 16293 | Lair:5   | 16293 ||| Stepping ~*~*~tactically~*~*~ (hiding).
 16310 | Lair:5   | 16310 ||| INVOKING Heroism.
 16319 | Lair:5   | Received a gift from Okawaru
 16432 | Lair:5   | 16432 ||| DROPPING +2 heavy war axe.
 16678 | Lair:5   | 16678 ||| INVOKING Heroism.
 16679 | Lair:5   | 16679 ||| SWAPPING to +1 demon whip of venom.
 16680 | Lair:5   | 16680 ||| INVOKING Finesse.
 16687 | Lair:5   | 16687 ||| SWAPPING to +3 war axe of protection.
 16763 | Lair:5   | 16763 ||| Stepping ~*~*~tactically~*~*~ (stealth).
 16764 | Lair:5   | 16764 ||| Stepping ~*~*~tactically~*~*~ (stealth).
 16774 | Lair:5   | 16774 ||| INVOKING Heroism.
 16991 | Lair:5   | 16991 ||| Stepping ~*~*~tactically~*~*~ (hiding).
 16997 | Lair:5   | 16997 ||| FLEEEEING.
 17064 | Lair:5   | 17064 ||| Stepping ~*~*~tactically~*~*~ (stealth).
 17065 | Lair:5   | 17065 ||| Stepping ~*~*~tactically~*~*~ (stealth).
 17078 | Lair:5   | 17078 ||| INVOKING Heroism.
 17096 | Lair:5   | Reached XP level 15. HP: 81/96 MP: 22/22
 17278 | Lair:5   | 17278 ||| PLANNING D
 17278 | Lair:5   | 17278 ||| UPGRADING to +6 chain mail "Nibliobb" {Regen+
                  | Str+2 Stlth+}.
 17288 | Lair:5   | 17288 ||| DROPPING +0 plate armour.
 17289 | Lair:5   | 17289 ||| READING scroll labelled JEKUTAE ERGHUFE.
 17307 | Lair:5   | 17307 ||| READING scroll labelled ZUAPTO FIACIS.
 17605 | D:12     | Found a transporter.
 17607 | D:12     | Noticed Plazmod's ghost (journeyman DECj)
 17642 | D:12     | 17642 ||| Stepping ~*~*~tactically~*~*~ (stealth).
 17663 | D:12     | Found a portal to a secret trove of treasure.
 17716 | D:12     | 17716 ||| Stepping ~*~*~tactically~*~*~ (hiding).
 17718 | D:12     | 17718 ||| Stepping ~*~*~tactically~*~*~ (hiding).
 17719 | D:12     | 17719 ||| Stepping ~*~*~tactically~*~*~ (hiding).
 17765 | D:12     | Found a frozen archway.
 18006 | D:13     | 18006 ||| INVOKING Heroism.
 18010 | D:13     | Received a gift from Okawaru
 18052 | D:13     | 18052 ||| Stepping ~*~*~tactically~*~*~ (stealth).
 18054 | D:13     | 18054 ||| Stepping ~*~*~tactically~*~*~ (stealth).
 18232 | D:13     | 18232 ||| INVOKING Heroism.
 18233 | D:13     | 18233 ||| Stepping ~*~*~tactically~*~*~ (stealth).
 18234 | D:13     | 18234 ||| Stepping ~*~*~tactically~*~*~ (stealth).
 18238 | D:13     | 18238 ||| Stepping ~*~*~tactically~*~*~ (hiding).
 18274 | D:13     | Found a gate to the Vaults.
 18275 | D:13     | 18275 ||| Stepping ~*~*~tactically~*~*~ (stealth).
 18277 | D:13     | 18277 ||| Stepping ~*~*~tactically~*~*~ (stealth).
 18279 | D:13     | 18279 ||| Stepping ~*~*~tactically~*~*~ (stealth).
 18308 | D:13     | 18308 ||| INVOKING Heroism.
 18330 | D:13     | Reached skill level 9 in Shields
 18390 | D:13     | 18390 ||| Stepping ~*~*~tactically~*~*~ (hiding).
 18391 | D:13     | 18391 ||| Stepping ~*~*~tactically~*~*~ (hiding).
 18543 | D:13     | 18543 ||| Stepping ~*~*~tactically~*~*~ (hiding).
 18544 | D:13     | 18544 ||| Stepping ~*~*~tactically~*~*~ (hiding).
 18545 | D:13     | 18545 ||| Stepping ~*~*~tactically~*~*~ (hiding).
 18561 | D:13     | Received a gift from Okawaru
 18729 | D:13     | 18729 ||| UPGRADING to +0 tower shield.
 18739 | D:13     | 18739 ||| DROPPING +2 buckler.
 18802 | D:14     | 18802 ||| INVOKING Heroism.
 18862 | D:14     | 18862 ||| FLEEEEING.
 18871 | D:14     | 18871 ||| INVOKING Heroism.
 18876 | D:14     | HP: 24/100 [mirror damage (23)]
 18877 | D:14     | 18877 ||| READING 3 scrolls of teleportation.
 18878 | D:14     | HP: 8/100 [mirror damage (18)]
 18879 | D:14     | 18879 ||| DRINKING 17 potions of heal wounds.
 18880 | D:14     | Identified the +4 broad axe of Fonoiciw {heavy, rF+ Str+3}
                  | (Okawaru gifted it to you on level 14 of the Dungeon)
 18880 | D:14     | Received a gift from Okawaru
 18894 | D:14     | HP: 17/100 [smoke demon/divine providence[a kobold
                  | demonologist] (16)]
 18895 | D:14     | 18895 ||| READING 2 scrolls of teleportation.
 18896 | D:14     | 18896 ||| DRINKING 16 potions of heal wounds.
 18899 | D:14     | 18899 ||| DRINKING 15 potions of heal wounds.
 18902 | D:14     | 18902 ||| FLEEEEING.
 18918 | D:14     | HP: 20/100 [green ugly thing (10)]
 18919 | D:14     | 18919 ||| READING scroll of teleportation.
 18920 | D:14     | 18920 ||| DRINKING 14 potions of heal wounds.
 18923 | D:14     | HP: 14/100 [white ugly thing (29)]
 18924 | D:14     | 18924 ||| DRINKING 13 potions of heal wounds.
 18938 | D:14     | 18938 ||| FLEEEEING.
 18939 | D:14     | 18939 ||| FLEEEEING.
 18940 | D:14     | 18940 ||| FLEEEEING.
 18941 | D:14     | 18941 ||| INVOKING Heroism.
 18973 | D:14     | Reached ****** piety under Okawaru
 18985 | D:14     | Received a gift from Okawaru
 18987 | D:14     | 18987 ||| INVOKING Heroism.
 19002 | D:14     | HP: 16/100 [fire dragon/blast of flame (19)]
 19003 | D:14     | 19003 ||| DRINKING 12 potions of heal wounds.
 19059 | D:14     | 19059 ||| Stepping ~*~*~tactically~*~*~ (stealth).
 19082 | D:14     | 19082 ||| DROPPING +2 flail of holy wrath.
 19083 | D:14     | 19083 ||| DROPPING +0 morningstar of freezing.
 19086 | D:14     | 19086 ||| SWAPPING to +4 broad axe of Fonoiciw {heavy, rF+
                  | Str+3}.
 19150 | D:14     | 19150 ||| READING scroll of enchant armour.
 19150 | D:14     | 19150 ||| ENCHANTING +0 cloak.
 19201 | D:14     | Found a snail-covered altar of Cheibriados.
 19408 | D:15     | Entered Level 15 of the Dungeon
 19543 | D:15     | 19543 ||| Stepping ~*~*~tactically~*~*~ (hiding).
 19654 | D:15     | Identified the +3 buckler "Vump" {Rampage rF+ rN+ Int+3}
                  | (Okawaru gifted it to you on level 15 of the Dungeon)
 19654 | D:15     | Received a gift from Okawaru
 19655 | D:15     | Reached skill level 12 in Shields
 19662 | D:15     | 19662 ||| INVOKING Heroism.
 19688 | D:15     | Reached XP level 16. HP: 101/105 MP: 23/23
 19695 | D:15     | 19695 ||| Stepping ~*~*~tactically~*~*~ (hiding).
 19696 | D:15     | 19696 ||| Stepping ~*~*~tactically~*~*~ (hiding).
 19697 | D:15     | 19697 ||| Stepping ~*~*~tactically~*~*~ (hiding).
 19699 | D:15     | 19699 ||| Stepping ~*~*~tactically~*~*~ (hiding).
 20000 | D:15     | 20000 ||| READING scroll of acquirement.
 20000 | D:15     | 20000 ||| ACQUIRING ring of fire
 20000 | D:15     | Acquired a ring of fire
 20041 | D:15     | 20041 ||| Stepping ~*~*~tactically~*~*~ (hiding).
 20075 | D:15     | 20075 ||| Stepping ~*~*~tactically~*~*~ (hiding).
 20079 | D:15     | 20079 ||| INVOKING Heroism.
 20091 | D:15     | 20091 ||| SWAPPING to +1 demon whip of venom.
 20092 | D:15     | 20092 ||| INVOKING Finesse.
 20098 | D:15     | 20098 ||| SWAPPING to +4 broad axe of Fonoiciw {heavy, rF+
                  | Str+3}.
 20125 | D:15     | Found a staircase to the Depths.
 20489 | D:15     | 20489 ||| PLANNING ORC
 20575 | D:12     | Found a transporter.
 20638 | Orc:1    | Entered Level 1 of the Orcish Mines
 20701 | Orc:1    | You are sucked into a shaft and drop 1 floor!
 20701 | Orc:2    | Entered Level 2 of the Orcish Mines
 20705 | Orc:2    | 20705 ||| Stepping ~*~*~tactically~*~*~ (stealth).
 20706 | Orc:2    | 20706 ||| Stepping ~*~*~tactically~*~*~ (stealth).
 20707 | Orc:2    | 20707 ||| Stepping ~*~*~tactically~*~*~ (stealth).
 20759 | Orc:2    | 20759 ||| INVOKING Heroism.
 20776 | Orc:2    | 20776 ||| INVOKING Finesse.
 20912 | Orc:2    | Found a staircase to the Elven Halls.
 20969 | Orc:1    | Noticed Josephine
 20979 | Orc:1    | Killed Josephine
 20981 | Orc:1    | 20981 ||| INVOKING Heroism.
 21065 | Orc:1    | Found Viacwuirgh's Armour Shop.
 21155 | Orc:1    | Found Moseg's Assorted Antiques.
 21159 | Orc:1    | 21159 ||| BUYING potion of mutation (152 gold).
 21159 | Orc:1    | Bought a potion of mutation for 152 gold pieces
 21159 | Orc:1    | 21159 ||| BUYING shiny helmet (142 gold).
 21159 | Orc:1    | Bought a shiny helmet for 142 gold pieces
 21232 | Orc:1    | Found Issaorips's Distillery.
 21237 | Orc:1    | 21237 ||| BUYING potion of attraction (45 gold).
 21237 | Orc:1    | Bought a potion of attraction for 45 gold pieces
 21237 | Orc:1    | 21237 ||| BUYING potion of cancellation (120 gold).
 21237 | Orc:1    | Bought a potion of cancellation for 120 gold pieces
 21237 | Orc:1    | 21237 ||| BUYING potion of curing (45 gold).
 21237 | Orc:1    | Bought a potion of curing for 45 gold pieces
 21237 | Orc:1    | 21237 ||| BUYING potion of curing (45 gold).
 21237 | Orc:1    | Bought a potion of curing for 45 gold pieces
 21237 | Orc:1    | 21237 ||| BUYING potion of heal wounds (75 gold).
 21237 | Orc:1    | Bought a potion of heal wounds for 75 gold pieces
 21237 | Orc:1    | 21237 ||| BUYING potion of lignification (45 gold).
 21237 | Orc:1    | Bought a potion of lignification for 45 gold pieces
 21237 | Orc:1    | 21237 ||| BUYING potion of lignification (45 gold).
 21237 | Orc:1    | Bought a potion of lignification for 45 gold pieces
 21237 | Orc:1    | 21237 ||| BUYING potion of mutation (120 gold).
 21237 | Orc:1    | Bought a potion of mutation for 120 gold pieces
 21408 | Orc:1    | 21408 ||| DROPPING +1 helmet of intelligence.
 21474 | Orc:2    | 21474 ||| INVOKING Heroism.
 21782 | Orc:2    | 21782 ||| Stepping ~*~*~tactically~*~*~ (hiding).
 21785 | Orc:2    | 21785 ||| INVOKING Heroism.
 21791 | Orc:2    | 21791 ||| Stepping ~*~*~tactically~*~*~ (hiding).
 21794 | Orc:2    | Found Ekutil's Magic Scroll Boutique.
 21824 | Orc:2    | 21824 ||| INVOKING Heroism.
 21891 | Orc:2    | Found Buhucehi's Book Emporium.
 21895 | Orc:2    | 21895 ||| BUYING scroll of enchant armour (105 gold).
 21895 | Orc:2    | Bought a scroll of enchant armour for 105 gold pieces
 21895 | Orc:2    | 21895 ||| BUYING scroll of teleportation (42 gold).
 21895 | Orc:2    | Bought a scroll of teleportation for 42 gold pieces
 21895 | Orc:2    | 21895 ||| READING scroll of enchant armour.
 21895 | Orc:2    | 21895 ||| ENCHANTING +1 cloak.
 21899 | Orc:2    | Found Kyurorgh's Magic Scroll Emporium.
 21901 | Orc:2    | Found Natextun's Armour Boutique.
 21907 | Orc:2    | 21907 ||| BUYING scroll of teleportation (48 gold).
 21907 | Orc:2    | Bought a scroll of teleportation for 48 gold pieces
 21907 | Orc:2    | 21907 ||| BUYING scroll of teleportation (48 gold).
 21907 | Orc:2    | Bought a scroll of teleportation for 48 gold pieces
 21907 | Orc:2    | 21907 ||| BUYING scroll of teleportation (48 gold).
 21907 | Orc:2    | Bought a scroll of teleportation for 48 gold pieces
 21907 | Orc:2    | 21907 ||| BUYING scroll of teleportation (48 gold).
 21907 | Orc:2    | Bought a scroll of teleportation for 48 gold pieces
 21979 | Orc:2    | 21979 ||| PLANNING SPIDER:1-3
 22133 | Spider:1 | Entered Level 1 of the Spider Nest
 22169 | Spider:1 | 22169 ||| FLEEEEING.
 22170 | Spider:1 | 22170 ||| FLEEEEING.
 22171 | Spider:1 | 22171 ||| FLEEEEING.
 22175 | Spider:1 | 22175 ||| FLEEEEING.
 22177 | Spider:1 | 22177 ||| FLEEEEING.
 22181 | Spider:1 | 22181 ||| FLEEEEING.
 22182 | Spider:1 | 22182 ||| FLEEEEING.
 22183 | Spider:1 | 22183 ||| FLEEEEING.
 22184 | Spider:1 | 22184 ||| STAIRDANCE
 22188 | Spider:1 | 22188 ||| STAIRDANCE
 22192 | Spider:1 | 22192 ||| STAIRDANCE
 22196 | Lair:3   | Reached skill level 15 in Shields
 22222 | Spider:1 | 22222 ||| DRINKING 10 potions of curing.
 22222 | Spider:1 | 22222 ||| (to cure confusion)
 22239 | Spider:1 | 22239 ||| Stepping ~*~*~tactically~*~*~ (stealth).
 22248 | Spider:1 | Received a gift from Okawaru
 22273 | Spider:1 | Identified the +0 buckler of the Arena {Will+ rCorr Dex-3}
 22277 | Spider:1 | 22277 ||| INVOKING Heroism.
 22335 | Spider:1 | Received a gift from Okawaru
 22560 | Spider:1 | 22560 ||| DROPPING scarf of harm.
 22561 | Spider:1 | 22561 ||| DROPPING +2 pair of gloves.
 22570 | Spider:2 | 22570 ||| INVOKING Heroism.
 22577 | Spider:2 | HP: 21/105 [tarantella simulacrum (23)]
 22578 | Spider:2 | 22578 ||| READING 6 scrolls of teleportation.
 22579 | Spider:2 | 22579 ||| DRINKING 12 potions of heal wounds.
 22580 | Spider:2 | 22580 ||| DRINKING 11 potions of heal wounds.
 22581 | Spider:2 | 22581 ||| DRINKING 10 potions of heal wounds.
 22585 | Spider:2 | 22585 ||| INVOKING Finesse.
 22587 | Spider:2 | Noticed Frances
 22611 | Spider:2 | HP: 9/105 [Frances/entropic shot (30)]
 22612 | Spider:2 | 22612 ||| READING 5 scrolls of teleportation.
 22613 | Spider:2 | 22613 ||| DRINKING 9 potions of heal wounds.
 22614 | Spider:2 | 22614 ||| DRINKING 8 potions of heal wounds.
 22626 | Spider:2 | 22626 ||| INVOKING Heroism.
 22642 | Spider:2 | 22642 ||| INVOKING Finesse.
 22655 | Spider:2 | 22655 ||| INVOKING Heroism.
 22663 | Spider:2 | 22663 ||| DRINKING 9 potions of curing.
 22663 | Spider:2 | 22663 ||| (to cure confusion)
 22676 | Spider:2 | Reached XP level 17. HP: 40/110 MP: 19/24
 22679 | Spider:2 | Killed Frances
 22714 | Spider:2 | 22714 ||| INVOKING Heroism.
 23025 | Spider:3 | Received a gift from Okawaru
 23025 | Spider:3 | Found the +3 robe of Clouds {*Thunder rCloud rElec}
 23083 | Spider:3 | 23083 ||| INVOKING Finesse.
 23120 | Spider:3 | 23120 ||| DRINKING 8 potions of curing.
 23120 | Spider:3 | 23120 ||| (to cure confusion)
 23163 | Spider:3 | Found a transporter.
 23166 | Spider:3 | Found a transporter.
 23168 | Spider:3 | Noticed qw's ghost (adept GrFi)
 23203 | Spider:3 | 23203 ||| INVOKING Finesse.
 23220 | Spider:3 | 23220 ||| INVOKING Finesse.
 23298 | Spider:3 | 23298 ||| Stepping ~*~*~tactically~*~*~ (stealth).
 23299 | Spider:3 | 23299 ||| Stepping ~*~*~tactically~*~*~ (stealth).
 23300 | Spider:3 | 23300 ||| Stepping ~*~*~tactically~*~*~ (stealth).
 23302 | Spider:3 | 23302 ||| Stepping ~*~*~tactically~*~*~ (stealth).
 23313 | Spider:3 | 23313 ||| Stepping ~*~*~tactically~*~*~ (hiding).
 23400 | Spider:3 | Identified the +5 hand axe "Gienwy" {freeze, Str+6}
 23401 | Spider:3 | 23401 ||| INVOKING Finesse.
 23519 | Spider:3 | 23519 ||| PLANNING SWAMP:1-3
 23622 | Swamp:1  | Entered Level 1 of the Swamp
 23666 | Swamp:1  | 23666 ||| INVOKING Heroism.
 23670 | Swamp:1  | 23670 ||| SWAPPING to +1 demon whip of venom.
 23672 | Swamp:1  | 23672 ||| SWAPPING to +4 broad axe of Fonoiciw {heavy, rF+
                  | Str+3}.
 23673 | Swamp:1  | 23673 ||| SWAPPING to +1 demon whip of venom.
 23680 | Swamp:1  | 23680 ||| Stepping ~*~*~tactically~*~*~ (outnumbered).
 23687 | Swamp:1  | 23687 ||| SWAPPING to +4 broad axe of Fonoiciw {heavy, rF+
                  | Str+3}.
 23693 | Swamp:1  | 23693 ||| Stepping ~*~*~tactically~*~*~ (cloud).
 23878 | Swamp:1  | 23878 ||| Stepping ~*~*~tactically~*~*~ (stealth).
 23906 | Swamp:1  | 23906 ||| INVOKING Heroism.
 23909 | Swamp:1  | 23909 ||| SWAPPING to +1 demon whip of venom.
 23927 | Swamp:1  | 23927 ||| SWAPPING to +4 broad axe of Fonoiciw {heavy, rF+
                  | Str+3}.
 24024 | Swamp:1  | 24024 ||| INVOKING Heroism.
 24172 | Swamp:1  | 24172 ||| Stepping ~*~*~tactically~*~*~ (stealth).
 24173 | Swamp:1  | 24173 ||| Stepping ~*~*~tactically~*~*~ (stealth).
 24176 | Swamp:1  | 24176 ||| Stepping ~*~*~tactically~*~*~ (stealth).
 24177 | Swamp:1  | 24177 ||| Stepping ~*~*~tactically~*~*~ (stealth).
 24184 | Swamp:1  | 24184 ||| INVOKING Heroism.
 24187 | Swamp:1  | 24187 ||| SWAPPING to +1 demon whip of venom.
 24191 | Swamp:1  | 24191 ||| SWAPPING to +4 broad axe of Fonoiciw {heavy, rF+
                  | Str+3}.
 24214 | Swamp:1  | 24214 ||| DROPPING scarf of invisibility.
 24270 | Swamp:2  | 24270 ||| FLEEEEING.
 24273 | Swamp:2  | 24273 ||| Stepping ~*~*~tactically~*~*~ (stealth).
 24309 | Swamp:2  | 24309 ||| Stepping ~*~*~tactically~*~*~ (hiding).
 24591 | Swamp:2  | 24591 ||| INVOKING Heroism.
 24607 | Swamp:2  | You are sucked into a shaft and drop 1 floor!
 24693 | Swamp:3  | 24693 ||| Stepping ~*~*~tactically~*~*~ (stealth).
 24700 | Swamp:3  | 24700 ||| Stepping ~*~*~tactically~*~*~ (cloud).
 24723 | Swamp:3  | 24723 ||| Stepping ~*~*~tactically~*~*~ (hiding).
 24849 | Swamp:3  | 24849 ||| SWAPPING to +1 demon whip of venom.
 24854 | Swamp:3  | 24854 ||| SWAPPING to +4 broad axe of Fonoiciw {heavy, rF+
                  | Str+3}.
 24887 | Swamp:2  | Reached skill level 18 in Axes
 24893 | Swamp:2  | Received a gift from Okawaru
 24940 | Swamp:2  | Identified the +5 orcbow of Moral Flaws {antimagic, Str-2
                  | Dex+5}
 24970 | Swamp:2  | 24970 ||| Stepping ~*~*~tactically~*~*~ (hiding).
 24971 | Swamp:2  | 24971 ||| Stepping ~*~*~tactically~*~*~ (hiding).
 24974 | Swamp:2  | 24974 ||| Stepping ~*~*~tactically~*~*~ (hiding).
 24975 | Swamp:2  | 24975 ||| Stepping ~*~*~tactically~*~*~ (hiding).
 24976 | Swamp:2  | 24976 ||| INVOKING Heroism.
 24995 | Swamp:2  | 24995 ||| Stepping ~*~*~tactically~*~*~ (stealth).
 24996 | Swamp:2  | 24996 ||| Stepping ~*~*~tactically~*~*~ (stealth).
 25025 | Swamp:2  | 25025 ||| Stepping ~*~*~tactically~*~*~ (stealth).
 25026 | Swamp:2  | 25026 ||| Stepping ~*~*~tactically~*~*~ (stealth).
 25046 | Swamp:2  | 25046 ||| INVOKING Heroism.
 25050 | Swamp:2  | 25050 ||| SWAPPING to +1 demon whip of venom.
 25053 | Swamp:2  | 25053 ||| SWAPPING to +4 broad axe of Fonoiciw {heavy, rF+
                  | Str+3}.
 25136 | Swamp:2  | 25136 ||| Stepping ~*~*~tactically~*~*~ (stealth).
 25137 | Swamp:2  | 25137 ||| Stepping ~*~*~tactically~*~*~ (stealth).
 25140 | Swamp:2  | 25140 ||| Stepping ~*~*~tactically~*~*~ (stealth).
 25142 | Swamp:2  | 25142 ||| SWAPPING to +1 demon whip of venom.
 25151 | Swamp:2  | 25151 ||| SWAPPING to +4 broad axe of Fonoiciw {heavy, rF+
                  | Str+3}.
 25161 | Swamp:2  | Received a gift from Okawaru
 25194 | Swamp:2  | 25194 ||| Stepping ~*~*~tactically~*~*~ (hiding).
 25196 | Swamp:2  | 25196 ||| Stepping ~*~*~tactically~*~*~ (hiding).
 25197 | Swamp:2  | 25197 ||| Stepping ~*~*~tactically~*~*~ (hiding).
 25331 | Swamp:2  | 25331 ||| INVOKING Heroism.
 25333 | Swamp:2  | 25333 ||| SWAPPING to +1 demon whip of venom.
 25339 | Swamp:2  | 25339 ||| SWAPPING to +4 broad axe of Fonoiciw {heavy, rF+
                  | Str+3}.
 25370 | Swamp:2  | HP: 18/111 [spriggan rider/+0 spear (15)]
 25371 | Swamp:2  | 25371 ||| READING 4 scrolls of teleportation.
 25372 | Swamp:2  | 25372 ||| DRINKING 8 potions of heal wounds.
 25375 | Swamp:2  | Reached skill level 18 in Shields
 25375 | Swamp:2  | 25375 ||| DRINKING 7 potions of heal wounds.
 25503 | Swamp:2  | 25503 ||| INVOKING Heroism.
 25509 | Swamp:2  | Received a gift from Okawaru
 25623 | Swamp:3  | 25623 ||| INVOKING Heroism.
 25628 | Swamp:3  | Reached XP level 18. HP: 116/116 MP: 23/25
 25638 | Swamp:3  | 25638 ||| DROPPING +1 demon whip of venom.
 25639 | Swamp:3  | 25639 ||| DROPPING +3 morningstar of flaming.
 25721 | Swamp:3  | 25721 ||| Stepping ~*~*~tactically~*~*~ (hiding).
 25724 | Swamp:3  | 25724 ||| INVOKING Heroism.
 25869 | Swamp:3  | 25869 ||| Stepping ~*~*~tactically~*~*~ (cloud).
 25875 | Swamp:3  | 25875 ||| Stepping ~*~*~tactically~*~*~ (cloud).
 25876 | Swamp:3  | 25876 ||| INVOKING Heroism.
 26016 | Swamp:3  | 26016 ||| PLANNING SPIDER:4
 26144 | Spider:4 | Entered Level 4 of the Spider Nest
 26157 | Spider:4 | 26157 ||| Stepping ~*~*~tactically~*~*~ (hiding).
 26164 | Spider:4 | Reached skill level 6 in Throwing
 26177 | Spider:4 | HP: 8/116 [disintegration (26)]
 26178 | Spider:4 | 26178 ||| READING 3 scrolls of teleportation.
 26179 | Spider:4 | 26179 ||| DRINKING 6 potions of heal wounds.
 26182 | Spider:4 | 26182 ||| Stepping ~*~*~tactically~*~*~ (hiding).
 26187 | Spider:4 | 26187 ||| INVOKING Heroism.
 26201 | Spider:4 | HP: 23/116 [wolf spider (7)]
 26202 | Spider:4 | 26202 ||| READING 2 scrolls of teleportation.
 26203 | Spider:4 | 26203 ||| DRINKING 5 potions of heal wounds.
 26208 | Spider:4 | HP: 20/116 [disintegration (24)]
 26209 | Spider:4 | 26209 ||| READING scroll of teleportation.
 26210 | Spider:4 | 26210 ||| Stepping ~*~*~tactically~*~*~ (hiding).
 26211 | Spider:4 | 26211 ||| DRINKING 4 potions of heal wounds.
 26223 | Spider:4 | 26223 ||| INVOKING Heroism.
 26228 | Spider:4 | 26228 ||| Stepping ~*~*~tactically~*~*~ (stealth).
 26235 | Spider:4 | Reached skill level 12 in Armour
 26236 | Spider:4 | 26236 ||| Stepping ~*~*~tactically~*~*~ (hiding).
 26241 | Spider:4 | Noticed Arachne
 26248 | Spider:4 | HP: 29/116 [ghost moth (11)]
 26249 | Spider:4 | 26249 ||| DRINKING 3 potions of heal wounds.
 26259 | Spider:4 | 26259 ||| INVOKING Heroism.
 26260 | Spider:4 | HP: 15/116 [disintegration (37)]
 26261 | Spider:4 | 26261 ||| DRINKING 2 potions of heal wounds.
 26263 | Spider:4 | 26263 ||| DRINKING potion of heal wounds.
 26266 | Spider:4 | HP: 28/116 [Arachne/poison arrow (4)]
 26273 | Spider:4 | Killed Arachne
 26517 | Spider:4 | Identified the +8 trident of Big Damage {flame, SInv}
 26548 | Spider:4 | Received a gift from Okawaru
 26561 | Spider:4 | 26561 ||| Stepping ~*~*~tactically~*~*~ (stealth).
 26563 | Spider:4 | 26563 ||| Stepping ~*~*~tactically~*~*~ (stealth).
 26699 | Spider:4 | 26699 ||| Stepping ~*~*~tactically~*~*~ (stealth).
 26704 | Spider:4 | 26704 ||| Stepping ~*~*~tactically~*~*~ (hiding).
 26712 | Spider:4 | 26712 ||| INVOKING Finesse.
 26722 | Spider:4 | Received a gift from Okawaru
 26723 | Spider:4 | Reached skill level 15 in Fighting
 26931 | Spider:4 | 26931 ||| INVOKING Heroism.
 27094 | Spider:4 | Got a gossamer rune of Zot
 27126 | Spider:4 | 27126 ||| PLANNING VAULTS:1-4
 27126 | Spider:4 | 27126 ||| DROPPING +2 hat.
 27127 | Spider:4 | 27127 ||| DROPPING +0 hat of willpower.
 27334 | Vaults:1 | Entered Level 1 of the Vaults
 27335 | Vaults:1 | 27335 ||| PLANNING WIZLAB
 27338 | Vaults:1 | Received a gift from Okawaru
 27339 | Vaults:1 | 27339 ||| INVOKING Heroism.
 27340 | Vaults:1 | 27340 ||| INVOKING Finesse.
 27447 | Vaults:1 | 27447 ||| Stepping ~*~*~tactically~*~*~ (hiding).
 27452 | Vaults:1 | 27452 ||| INVOKING Heroism.
 27520 | Vaults:1 | 27520 ||| Stepping ~*~*~tactically~*~*~ (hiding).
 27637 | Vaults:1 | Received a gift from Okawaru
 27642 | Vaults:1 | Reached skill level 6 in Dodging
 27825 | Vaults:1 | 27825 ||| INVOKING Heroism.
 27826 | Vaults:1 | 27826 ||| INVOKING Finesse.
 27857 | Vaults:1 | Received a gift from Okawaru
 28013 | Vaults:1 | 28013 ||| RIP WIZLAB
 28172 | Vaults:1 | 28172 ||| PLANNING VAULTS:1-4
 28188 | Vaults:1 | 28188 ||| Stepping ~*~*~tactically~*~*~ (stealth).
 28199 | Vaults:1 | 28199 ||| Stepping ~*~*~tactically~*~*~ (hiding).
 28202 | Vaults:1 | 28202 ||| Stepping ~*~*~tactically~*~*~ (hiding).
 28203 | Vaults:1 | 28203 ||| Stepping ~*~*~tactically~*~*~ (hiding).
 28466 | Vaults:1 | 28466 ||| Stepping ~*~*~tactically~*~*~ (stealth).
 28478 | Vaults:1 | Received a gift from Okawaru
 28524 | Vaults:1 | Reached skill level 9 in Throwing
 28524 | Vaults:1 | Reached XP level 19. HP: 124/124 MP: 26/26
 28659 | Vaults:1 | 28659 ||| INVOKING Heroism.
 28660 | Vaults:1 | 28660 ||| INVOKING Finesse.
 28827 | Vaults:1 | 28827 ||| DROPPING +2 cloak of poison resistance.
 28894 | Vaults:2 | 28894 ||| INVOKING Heroism.
 28895 | Vaults:2 | 28895 ||| INVOKING Finesse.
 28949 | Vaults:2 | 28949 ||| Stepping ~*~*~tactically~*~*~ (stealth).
 28951 | Vaults:2 | 28951 ||| Stepping ~*~*~tactically~*~*~ (stealth).
 28955 | Vaults:2 | 28955 ||| Stepping ~*~*~tactically~*~*~ (stealth).
 28957 | Vaults:2 | 28957 ||| Stepping ~*~*~tactically~*~*~ (stealth).
 28983 | Vaults:2 | 28983 ||| Stepping ~*~*~tactically~*~*~ (hiding).
 28984 | Vaults:2 | 28984 ||| Stepping ~*~*~tactically~*~*~ (hiding).
 28985 | Vaults:2 | 28985 ||| Stepping ~*~*~tactically~*~*~ (hiding).
 28986 | Vaults:2 | 28986 ||| Stepping ~*~*~tactically~*~*~ (hiding).
 28987 | Vaults:2 | 28987 ||| INVOKING Heroism.
 29062 | Vaults:2 | 29062 ||| Stepping ~*~*~tactically~*~*~ (stealth).
 29066 | Vaults:2 | 29066 ||| Stepping ~*~*~tactically~*~*~ (stealth).
 29109 | Vaults:2 | 29109 ||| Stepping ~*~*~tactically~*~*~ (hiding).
 29140 | Vaults:2 | 29140 ||| Stepping ~*~*~tactically~*~*~ (hiding).
 29285 | Vaults:2 | 29285 ||| Stepping ~*~*~tactically~*~*~ (hiding).
 29298 | Vaults:2 | 29298 ||| Stepping ~*~*~tactically~*~*~ (stealth).
 29337 | Vaults:2 | Received a gift from Okawaru
 29355 | Vaults:2 | 29355 ||| FLEEEEING.
 29356 | Vaults:2 | 29356 ||| FLEEEEING.
 29357 | Vaults:2 | 29357 ||| FLEEEEING.
 29358 | Vaults:2 | 29358 ||| FLEEEEING.
 29359 | Vaults:2 | 29359 ||| FLEEEEING.
 29360 | Vaults:2 | 29360 ||| FLEEEEING.
 29361 | Vaults:2 | 29361 ||| FLEEEEING.
 29362 | Vaults:2 | 29362 ||| FLEEEEING.
 29363 | Vaults:2 | 29363 ||| FLEEEEING.
 29364 | Vaults:2 | 29364 ||| FLEEEEING.
 29365 | Vaults:2 | 29365 ||| FLEEEEING.
 29366 | Vaults:2 | 29366 ||| FLEEEEING.
 29367 | Vaults:2 | 29367 ||| FLEEEEING.
 29368 | Vaults:2 | 29368 ||| FLEEEEING.
 29369 | Vaults:2 | 29369 ||| FLEEEEING.
 29370 | Vaults:2 | 29370 ||| FLEEEEING.
 29371 | Vaults:2 | 29371 ||| FLEEEEING.
 29372 | Vaults:2 | 29372 ||| FLEEEEING.
 29373 | Vaults:2 | 29373 ||| FLEEEEING.
 29374 | Vaults:2 | 29374 ||| FLEEEEING.
 29380 | Vaults:2 | 29380 ||| FLEEEEING.
 29381 | Vaults:2 | 29381 ||| FLEEEEING.
 29382 | Vaults:2 | 29382 ||| FLEEEEING.
 29383 | Vaults:2 | 29383 ||| FLEEEEING.
 29384 | Vaults:2 | 29384 ||| FLEEEEING.
 29385 | Vaults:2 | 29385 ||| FLEEEEING.
 29386 | Vaults:2 | 29386 ||| FLEEEEING.
 29387 | Vaults:2 | 29387 ||| FLEEEEING.
 29388 | Vaults:2 | 29388 ||| FLEEEEING.
 29389 | Vaults:2 | 29389 ||| FLEEEEING.
 29390 | Vaults:2 | 29390 ||| FLEEEEING.
 29391 | Vaults:2 | 29391 ||| FLEEEEING.
 29392 | Vaults:2 | 29392 ||| FLEEEEING.
 29393 | Vaults:2 | 29393 ||| FLEEEEING.
 29394 | Vaults:2 | 29394 ||| FLEEEEING.
 29399 | Vaults:2 | 29399 ||| FLEEEEING.
 29408 | Vaults:2 | 29408 ||| Stepping ~*~*~tactically~*~*~ (hiding).
 29428 | Vaults:2 | Identified the +11 war axe of the Eternal Void {elec, rElec
                  | rPois rF+ rC+} (Okawaru gifted it to you on level 2 of the
                  | Vaults)
 29428 | Vaults:2 | Received a gift from Okawaru
 29489 | Vaults:2 | 29489 ||| FLEEEEING.
 29490 | Vaults:2 | 29490 ||| FLEEEEING.
 29491 | Vaults:2 | 29491 ||| FLEEEEING.
 29492 | Vaults:2 | 29492 ||| FLEEEEING.
 29493 | Vaults:2 | 29493 ||| FLEEEEING.
 29494 | Vaults:2 | 29494 ||| FLEEEEING.
 29495 | Vaults:2 | 29495 ||| FLEEEEING.
 29496 | Vaults:2 | 29496 ||| FLEEEEING.
 29497 | Vaults:2 | 29497 ||| FLEEEEING.
 29498 | Vaults:2 | 29498 ||| FLEEEEING.
 29499 | Vaults:2 | 29499 ||| FLEEEEING.
 29500 | Vaults:2 | 29500 ||| FLEEEEING.
 29618 | Vaults:2 | 29618 ||| Stepping ~*~*~tactically~*~*~ (stealth).
 29619 | Abyss:2  | Cast into level 2 of the Abyss (a wizard)
 29637 | Abyss:2  | 29637 ||| Stepping ~*~*~tactically~*~*~ (hiding).
 29638 | Abyss:2  | 29638 ||| Stepping ~*~*~tactically~*~*~ (hiding).
 29639 | Abyss:2  | 29639 ||| Stepping ~*~*~tactically~*~*~ (hiding).
 29640 | Abyss:2  | 29640 ||| Stepping ~*~*~tactically~*~*~ (hiding).
 29659 | Abyss:2  | 29659 ||| Stepping ~*~*~tactically~*~*~ (hiding).
 29676 | Abyss:2  | 29676 ||| Stepping ~*~*~tactically~*~*~ (hiding).
 29870 | Abyss:2  | 29870 ||| Stepping ~*~*~tactically~*~*~ (stealth).
 29875 | Abyss:2  | 29875 ||| Stepping ~*~*~tactically~*~*~ (stealth).
 29919 | Abyss:2  | 29919 ||| Stepping ~*~*~tactically~*~*~ (hiding).
 29957 | Abyss:2  | 29957 ||| Stepping ~*~*~tactically~*~*~ (stealth).
 29960 | Abyss:2  | 29960 ||| Stepping ~*~*~tactically~*~*~ (stealth).
 29961 | Abyss:2  | 29961 ||| Stepping ~*~*~tactically~*~*~ (stealth).
 30017 | Abyss:2  | 30017 ||| Stepping ~*~*~tactically~*~*~ (stealth).
 30030 | Abyss:2  | 30030 ||| Stepping ~*~*~tactically~*~*~ (stealth).
 30085 | Abyss:2  | 30085 ||| Stepping ~*~*~tactically~*~*~ (stealth).
 30088 | Abyss:2  | 30088 ||| Stepping ~*~*~tactically~*~*~ (hiding).
 30091 | Abyss:2  | 30091 ||| Stepping ~*~*~tactically~*~*~ (hiding).
 30093 | Abyss:2  | 30093 ||| Stepping ~*~*~tactically~*~*~ (hiding).
 30104 | Abyss:2  | 30104 ||| Stepping ~*~*~tactically~*~*~ (stealth).
 30120 | Abyss:2  | 30120 ||| INVOKING Finesse.
 30137 | Abyss:2  | 30137 ||| Stepping ~*~*~tactically~*~*~ (stealth).
 30156 | Abyss:2  | 30156 ||| Stepping ~*~*~tactically~*~*~ (hiding).
 30158 | Abyss:2  | 30158 ||| Stepping ~*~*~tactically~*~*~ (stealth).
 30165 | Abyss:2  | 30165 ||| Stepping ~*~*~tactically~*~*~ (cloud).
 30168 | Abyss:2  | 30168 ||| Stepping ~*~*~tactically~*~*~ (cloud).
 30184 | Abyss:2  | 30184 ||| INVOKING Heroism.
 30237 | Vaults:2 | Escaped the Abyss
 30238 | Vaults:2 | 30238 ||| INVOKING Heroism.
 30239 | Vaults:2 | 30239 ||| INVOKING Finesse.
 30336 | Vaults:2 | 30336 ||| Stepping ~*~*~tactically~*~*~ (stealth).
 30418 | Vaults:2 | 30418 ||| Stepping ~*~*~tactically~*~*~ (stealth).
 30421 | Vaults:2 | 30421 ||| Stepping ~*~*~tactically~*~*~ (stealth).
 30426 | Vaults:2 | 30426 ||| Stepping ~*~*~tactically~*~*~ (stealth).
 30492 | Vaults:2 | Received a gift from Okawaru
 30646 | Vaults:2 | 30646 ||| INVOKING Heroism.
 30647 | Vaults:2 | 30647 ||| INVOKING Finesse.
 30776 | Vaults:2 | 30776 ||| Stepping ~*~*~tactically~*~*~ (hiding).
 30910 | Vaults:2 | Reached XP level 20. HP: 134/134 MP: 27/27
 31006 | Vaults:2 | Found Uriple's Antique Armour Boutique.
 31062 | Vaults:2 | 31062 ||| Stepping ~*~*~tactically~*~*~ (stealth).
 31064 | Vaults:2 | 31064 ||| Stepping ~*~*~tactically~*~*~ (hiding).
 31079 | Vaults:2 | 31079 ||| DRINKING potion of experience.
 31079 | Vaults:2 | Reached XP level 21. HP: 139/139 MP: 28/28
 31143 | Vaults:2 | 31143 ||| DROPPING +2 hat.
 31280 | Vaults:3 | Received a gift from Okawaru
 31507 | Vaults:3 | Noticed Margery
 31507 | Vaults:3 | 31507 ||| DRINKING 6 potions of resistance.
 31512 | Vaults:3 | 31512 ||| INVOKING Heroism.
 31515 | Vaults:3 | Received a gift from Okawaru
 31521 | Vaults:3 | Killed Margery
 31593 | Vaults:3 | 31593 ||| DROPPING +3 war axe of protection.
 31773 | Vaults:3 | Found a staircase to the Crypt.
 31773 | Vaults:3 | Found an ancient bone altar of Kikubaaqudgha.
 31773 | Vaults:3 | Found a basalt altar of Yredelemnul.
 32035 | Vaults:3 | Received a gift from Okawaru
 32067 | Vaults:3 | 32067 ||| INVOKING Heroism.
 32068 | Vaults:3 | 32068 ||| INVOKING Finesse.
 32074 | Vaults:3 | Reached skill level 18 in Fighting
 32229 | Vaults:3 | Found Roofec's Assorted Antiques.
 32387 | Vaults:4 | 32387 ||| STAIRDANCE
 32456 | Vaults:4 | 32456 ||| Stepping ~*~*~tactically~*~*~ (stealth).
 32486 | Vaults:4 | 32486 ||| Stepping ~*~*~tactically~*~*~ (stealth).
 32488 | Vaults:4 | 32488 ||| Stepping ~*~*~tactically~*~*~ (stealth).
 32490 | Vaults:4 | 32490 ||| INVOKING Finesse.
 32663 | Vaults:4 | Found Mejonot's Book Shoppe.
 32690 | Vaults:4 | 32690 ||| FLEEEEING.
 32691 | Vaults:4 | 32691 ||| FLEEEEING.
 32692 | Vaults:4 | 32692 ||| FLEEEEING.
 32693 | Vaults:4 | 32693 ||| FLEEEEING.
 32694 | Vaults:4 | 32694 ||| FLEEEEING.
 32695 | Vaults:4 | 32695 ||| FLEEEEING.
 32696 | Vaults:4 | 32696 ||| FLEEEEING.
 32697 | Vaults:4 | 32697 ||| FLEEEEING.
 32698 | Vaults:4 | 32698 ||| FLEEEEING.
 32699 | Vaults:4 | 32699 ||| FLEEEEING.
 32705 | Vaults:4 | 32705 ||| Stepping ~*~*~tactically~*~*~ (hiding).
 32753 | Vaults:4 | 32753 ||| INVOKING Heroism.
 32838 | Vaults:4 | 32838 ||| Stepping ~*~*~tactically~*~*~ (hiding).
 32839 | Vaults:4 | 32839 ||| Stepping ~*~*~tactically~*~*~ (hiding).
 32846 | Vaults:4 | 32846 ||| FLEEEEING.
 32848 | Vaults:4 | 32848 ||| FLEEEEING.
 32849 | Vaults:4 | 32849 ||| FLEEEEING.
 32850 | Vaults:4 | 32850 ||| FLEEEEING.
 32855 | Vaults:4 | 32855 ||| FLEEEEING.
 32856 | Vaults:4 | 32856 ||| FLEEEEING.
 32857 | Vaults:4 | 32857 ||| FLEEEEING.
 32858 | Vaults:4 | 32858 ||| FLEEEEING.
 32859 | Vaults:4 | 32859 ||| FLEEEEING.
 32860 | Vaults:4 | 32860 ||| FLEEEEING.
 32861 | Vaults:4 | 32861 ||| FLEEEEING.
 32862 | Vaults:4 | 32862 ||| FLEEEEING.
 32863 | Vaults:4 | 32863 ||| FLEEEEING.
 32864 | Vaults:4 | 32864 ||| FLEEEEING.
 32865 | Vaults:4 | 32865 ||| FLEEEEING.
 32866 | Vaults:4 | 32866 ||| Stepping ~*~*~tactically~*~*~ (hiding).
 32867 | Vaults:4 | 32867 ||| Stepping ~*~*~tactically~*~*~ (hiding).
 32940 | Vaults:4 | 32940 ||| Stepping ~*~*~tactically~*~*~ (hiding).
 32941 | Vaults:4 | 32941 ||| Stepping ~*~*~tactically~*~*~ (hiding).
 32981 | Vaults:4 | 32981 ||| FLEEEEING.
 32982 | Vaults:4 | 32982 ||| FLEEEEING.
 32983 | Vaults:4 | 32983 ||| FLEEEEING.
 32984 | Vaults:4 | 32984 ||| FLEEEEING.
 32985 | Vaults:4 | 32985 ||| FLEEEEING.
 32986 | Vaults:4 | 32986 ||| FLEEEEING.
 32991 | Vaults:4 | 32991 ||| FLEEEEING.
 32995 | Vaults:4 | 32995 ||| Stepping ~*~*~tactically~*~*~ (hiding).
 32997 | Vaults:4 | 32997 ||| Stepping ~*~*~tactically~*~*~ (hiding).
 33003 | Vaults:4 | Reached skill level 15 in Armour
 33009 | Vaults:4 | Received a gift from Okawaru
 33017 | Vaults:4 | 33017 ||| INVOKING Heroism.
 33020 | Vaults:4 | 33020 ||| INVOKING Finesse.
 33042 | Vaults:4 | 33042 ||| Stepping ~*~*~tactically~*~*~ (hiding).
 33051 | Vaults:4 | 33051 ||| Stepping ~*~*~tactically~*~*~ (hiding).
 33052 | Vaults:4 | 33052 ||| Stepping ~*~*~tactically~*~*~ (hiding).
 33063 | Vaults:4 | 33063 ||| Stepping ~*~*~tactically~*~*~ (hiding).
 33064 | Vaults:4 | 33064 ||| Stepping ~*~*~tactically~*~*~ (hiding).
 33070 | Vaults:4 | 33070 ||| Stepping ~*~*~tactically~*~*~ (hiding).
 33077 | Vaults:4 | Identified the +10 broad axe of Unpleasantness {freeze,
                  | rPois Str-2 Stlth+} (Okawaru gifted it to you on level 4 of
                  | the Vaults)
 33077 | Vaults:4 | Received a gift from Okawaru
 33098 | Vaults:4 | 33098 ||| DROPPING +10 broad axe of Unpleasantness {freeze,
                  | rPois Str-2 Stlth+}.
 33139 | Vaults:4 | 33139 ||| Stepping ~*~*~tactically~*~*~ (hiding).
 33140 | Vaults:4 | 33140 ||| Stepping ~*~*~tactically~*~*~ (hiding).
 33500 | Vaults:4 | 33500 ||| FLEEEEING.
 33525 | Vaults:4 | 33525 ||| PLANNING SWAMP:4
 33881 | Swamp:4  | Entered Level 4 of the Swamp
 34045 | Swamp:4  | 34045 ||| Stepping ~*~*~tactically~*~*~ (hiding).
 34047 | Swamp:4  | 34047 ||| Stepping ~*~*~tactically~*~*~ (hiding).
 34048 | Swamp:4  | 34048 ||| Stepping ~*~*~tactically~*~*~ (hiding).
 34049 | Swamp:4  | 34049 ||| Stepping ~*~*~tactically~*~*~ (hiding).
 34052 | Swamp:4  | 34052 ||| Stepping ~*~*~tactically~*~*~ (hiding).
 34057 | Swamp:4  | 34057 ||| Stepping ~*~*~tactically~*~*~ (hiding).
 34122 | Swamp:4  | Received a gift from Okawaru
 34206 | Swamp:4  | Reached XP level 22. HP: 106/149 MP: 29/29
 34212 | Swamp:4  | 34212 ||| FLEEEEING.
 34214 | Swamp:4  | 34214 ||| FLEEEEING.
 34216 | Swamp:4  | 34216 ||| FLEEEEING.
 34265 | Swamp:4  | Identified the +0 war axe of Success {vamp, rC++ Str+4}
                  | (Okawaru gifted it to you on level 4 of the Swamp)
 34265 | Swamp:4  | Received a gift from Okawaru
 34275 | Swamp:4  | 34275 ||| Stepping ~*~*~tactically~*~*~ (stealth).
 34276 | Swamp:4  | 34276 ||| Stepping ~*~*~tactically~*~*~ (stealth).
 34286 | Swamp:4  | 34286 ||| SWAPPING to +0 war axe of Success {vamp, rC++
                  | Str+4}.
 34295 | Swamp:4  | 34295 ||| Stepping ~*~*~tactically~*~*~ (stealth).
 34296 | Swamp:4  | 34296 ||| Stepping ~*~*~tactically~*~*~ (stealth).
 34302 | Swamp:4  | 34302 ||| Stepping ~*~*~tactically~*~*~ (hiding).
 34303 | Swamp:4  | 34303 ||| Stepping ~*~*~tactically~*~*~ (hiding).
 34348 | Swamp:4  | 34348 ||| Stepping ~*~*~tactically~*~*~ (stealth).
 34356 | Swamp:4  | 34356 ||| Stepping ~*~*~tactically~*~*~ (hiding).
 34360 | Swamp:4  | 34360 ||| Stepping ~*~*~tactically~*~*~ (hiding).
 34479 | Swamp:4  | 34479 ||| Stepping ~*~*~tactically~*~*~ (hiding).
 34480 | Swamp:4  | 34480 ||| Stepping ~*~*~tactically~*~*~ (hiding).
 34500 | Swamp:4  | 34500 ||| Stepping ~*~*~tactically~*~*~ (hiding).
 34501 | Swamp:4  | Found a blossoming altar of Fedhas.
 34502 | Swamp:4  | 34502 ||| INVOKING Heroism.
 34503 | Swamp:4  | 34503 ||| INVOKING Finesse.
 34534 | Swamp:4  | 34534 ||| FLEEEEING.
 34535 | Swamp:4  | 34535 ||| FLEEEEING.
 34536 | Swamp:4  | 34536 ||| INVOKING Heroism.
 34538 | Swamp:4  | 34538 ||| Stepping ~*~*~tactically~*~*~ (stealth).
 34593 | Swamp:4  | Found a basalt altar of Yredelemnul.
 34606 | Swamp:4  | Got a decaying rune of Zot
 34714 | Swamp:4  | 34714 ||| FLEEEEING.
 34854 | Swamp:4  | 34854 ||| INVOKING Heroism.
 34855 | Swamp:4  | 34855 ||| INVOKING Finesse.
 35002 | Swamp:4  | 35002 ||| PLANNING DEPTHS
 35308 | Depths:1 | Entered Level 1 of the Depths
 35348 | Depths:1 | Found a one-way gateway to a ziggurat.
 35350 | Depths:1 | 35350 ||| Stepping ~*~*~tactically~*~*~ (stealth).
 35352 | Depths:1 | 35352 ||| INVOKING Heroism.
 35353 | Depths:1 | 35353 ||| INVOKING Finesse.
 35419 | Depths:1 | 35419 ||| Stepping ~*~*~tactically~*~*~ (hiding).
 35435 | Depths:1 | 35435 ||| Stepping ~*~*~tactically~*~*~ (hiding).
 35440 | Depths:1 | 35440 ||| Stepping ~*~*~tactically~*~*~ (hiding).
 35457 | Depths:1 | 35457 ||| INVOKING Heroism.
 35548 | Depths:1 | Reached skill level 9 in Dodging
 35554 | Depths:1 | 35554 ||| FLEEEEING.
 35566 | Depths:1 | 35566 ||| Stepping ~*~*~tactically~*~*~ (stealth).
 35570 | Depths:1 | Found a gateway to Hell.
 35571 | Depths:1 | 35571 ||| INVOKING Heroism.
 35572 | Depths:1 | 35572 ||| INVOKING Finesse.
 35584 | Depths:1 | HP: 32/149 [hell hog/fireball (28)]
 35585 | Depths:1 | 35585 ||| DRINKING 2 potions of heal wounds.
 35594 | Depths:1 | HP: 23/149 [hell hog/fireball (44)]
 35595 | Depths:1 | 35595 ||| DRINKING potion of heal wounds.
 35599 | Depths:1 | HP: 24/149 [hell hog/fireball (38)]
 35604 | Depths:1 | HP: 15/149 [hell hog/fireball (15)]
 35732 | Depths:1 | 35732 ||| Stepping ~*~*~tactically~*~*~ (hiding).
 35735 | Depths:1 | 35735 ||| INVOKING Heroism.
 35850 | Depths:1 | Found Wulel's General Store.
 35895 | Depths:1 | 35895 ||| BUYING potion of curing (42 gold).
 35895 | Depths:1 | Bought a potion of curing for 42 gold pieces
 36021 | Depths:1 | 36021 ||| Stepping ~*~*~tactically~*~*~ (hiding).
 36039 | Depths:1 | Received a gift from Okawaru
 36077 | Depths:1 | Found a shadowy altar of Dithmenos.
 36080 | Depths:1 | 36080 ||| INVOKING Heroism.
 36269 | Depths:1 | 36269 ||| INVOKING Heroism.
 36412 | Depths:2 | 36412 ||| STAIRDANCE
 36463 | Depths:2 | Noticed Nikola
 36464 | Depths:2 | 36464 ||| Stepping ~*~*~tactically~*~*~ (hiding).
 36467 | Depths:2 | 36467 ||| Stepping ~*~*~tactically~*~*~ (hiding).
 36493 | Depths:2 | 36493 ||| INVOKING Heroism.
 36506 | Depths:2 | Killed Nikola
 36506 | Depths:2 | Received a gift from Okawaru
 36632 | Depths:2 | 36632 ||| INVOKING Heroism.
 36634 | Depths:2 | Noticed Aizul
 36636 | Depths:2 | 36636 ||| Stepping ~*~*~tactically~*~*~ (hiding).
 36638 | Depths:2 | 36638 ||| Stepping ~*~*~tactically~*~*~ (stealth).
 36698 | Depths:2 | Killed Aizul
 36895 | Depths:2 | 36895 ||| INVOKING Heroism.
 36896 | Depths:2 | 36896 ||| INVOKING Finesse.
 36905 | Depths:2 | Noticed Grunn
 36923 | Depths:2 | Killed Grunn
 36970 | Depths:2 | 36970 ||| Stepping ~*~*~tactically~*~*~ (stealth).
 36979 | Depths:2 | Found a one-way gate leading to the halls of Pandemonium.
 37056 | Depths:2 | Found a transporter.
 37060 | Depths:2 | Found a radiant altar of Vehumet.
 37087 | Depths:2 | 37087 ||| INVOKING Heroism.
 37088 | Depths:2 | 37088 ||| INVOKING Finesse.
 37586 | Depths:2 | 37586 ||| DROPPING ring of magical power.
 37632 | Depths:3 | Paralysed by a vampire knight for 5 turns
 37680 | Depths:3 | Received a gift from Okawaru
 37724 | Depths:3 | 37724 ||| STAIRDANCE
 37769 | Depths:3 | 37769 ||| Stepping ~*~*~tactically~*~*~ (hiding).
 37770 | Depths:3 | 37770 ||| INVOKING Heroism.
 37771 | Depths:3 | 37771 ||| INVOKING Finesse.
 37800 | Depths:3 | Reached skill level 21 in Shields
 37815 | Depths:3 | 37815 ||| INVOKING Heroism.
 37864 | Depths:3 | 37864 ||| INVOKING Heroism.
 37873 | Depths:3 | Reached XP level 23. HP: 106/157 MP: 1/30
 37907 | Depths:3 | 37907 ||| INVOKING Heroism.
 37919 | Depths:3 | 37919 ||| INVOKING Finesse.
 38055 | Depths:3 | 38055 ||| INVOKING Heroism.
 38101 | Depths:3 | 38101 ||| FLEEEEING.
 38102 | Depths:3 | 38102 ||| FLEEEEING.
 38103 | Depths:3 | 38103 ||| FLEEEEING.
 38104 | Depths:3 | 38104 ||| FLEEEEING.
 38105 | Depths:3 | 38105 ||| FLEEEEING.
 38106 | Depths:3 | 38106 ||| FLEEEEING.
 38110 | Depths:3 | 38110 ||| STAIRDANCE
 38295 | Depths:3 | 38295 ||| Stepping ~*~*~tactically~*~*~ (hiding).
 38369 | Depths:3 | Received a gift from Okawaru
 38370 | Depths:3 | Reached skill level 21 in Fighting
 38426 | Depths:3 | 38426 ||| Stepping ~*~*~tactically~*~*~ (stealth).
 38431 | Depths:3 | 38431 ||| Stepping ~*~*~tactically~*~*~ (stealth).
 38435 | Depths:3 | 38435 ||| Stepping ~*~*~tactically~*~*~ (hiding).
 38436 | Depths:3 | 38436 ||| Stepping ~*~*~tactically~*~*~ (hiding).
 38439 | Depths:3 | 38439 ||| Stepping ~*~*~tactically~*~*~ (hiding).
 38516 | Depths:3 | 38516 ||| Stepping ~*~*~tactically~*~*~ (hiding).
 38642 | Depths:3 | 38642 ||| INVOKING Heroism.
 38642 | Depths:3 | Paralysed by a floating eye for 2 turns
 38644 | Depths:3 | 38644 ||| INVOKING Finesse.
 38646 | Depths:3 | Paralysed by a floating eye for 4 turns
 38651 | Depths:3 | 38651 ||| DRINKING 15 potions of curing.
 38651 | Depths:3 | 38651 ||| (to cure confusion)
 38684 | Depths:3 | 38684 ||| INVOKING Heroism.
 38748 | Depths:3 | 38748 ||| DRINKING 14 potions of curing.
 38748 | Depths:3 | 38748 ||| (to cure confusion)
 38756 | Depths:3 | 38756 ||| INVOKING Heroism.
 39068 | Depths:3 | Identified the +3 hand axe of Chance {flame, rElec rN++
                  | rCorr Str-2} (Okawaru gifted it to you on level 3 of the
                  | Depths)
 39068 | Depths:3 | Received a gift from Okawaru
 39069 | Depths:3 | Reached skill level 18 in Armour
 39093 | Depths:3 | Paralysed by something for 4 turns
 39241 | Depths:3 | 39241 ||| DRINKING 13 potions of curing.
 39241 | Depths:3 | 39241 ||| (to cure confusion)
 39247 | Depths:3 | 39247 ||| DRINKING 12 potions of curing.
 39247 | Depths:3 | 39247 ||| (to cure confusion)
 39254 | Depths:3 | 39254 ||| INVOKING Heroism.
 39261 | Depths:3 | 39261 ||| DRINKING 11 potions of curing.
 39261 | Depths:3 | 39261 ||| (to cure confusion)
 39262 | Depths:3 | Lost intelligence.
 39267 | Depths:3 | 39267 ||| DRINKING 10 potions of curing.
 39267 | Depths:3 | 39267 ||| (to cure confusion)
 39268 | Depths:3 | 39268 ||| DRINKING 9 potions of curing.
 39268 | Depths:3 | 39268 ||| (to cure confusion)
 39269 | Depths:3 | 39269 ||| DRINKING 8 potions of curing.
 39269 | Depths:3 | 39269 ||| (to cure confusion)
 39270 | Depths:3 | 39270 ||| DRINKING 7 potions of curing.
 39270 | Depths:3 | 39270 ||| (to cure confusion)
 39271 | Depths:3 | 39271 ||| DRINKING 6 potions of curing.
 39271 | Depths:3 | 39271 ||| (to cure confusion)
 39272 | Depths:3 | 39272 ||| INVOKING Heroism.
 39273 | Depths:3 | 39273 ||| DRINKING 5 potions of curing.
 39273 | Depths:3 | 39273 ||| (to cure confusion)
 39286 | Depths:3 | HP: 38/160 [frost giant/bolt of cold[a glowing orange
                  | brain] (18)]
 39287 | Depths:3 | 39287 ||| DRINKING 4 potions of curing.
 39287 | Depths:3 | 39287 ||| (to cure confusion)
 39288 | Depths:3 | HP: 15/160 [death yak[a glowing orange brain] (31)]
 39289 | Depths:3 | HP: 1/160 [spriggan air mage/the air[a glowing orange
                  | brain] (16)]
 39289 | Depths:3 | Demolished by a frost giant

Levels and vault maps discovered:
D:1:      dpeg_arrival_circle_labyrinth_b, layout_basic
D:2:      layout_loops_ring
D:3:      layout_basic, cheibrodos_sewer_entry_drain
D:4:      layout_loops_ring, nicolae_qazlal_beasts_of_the_sky,
          mainiacjoe_overflow_boulevard, mainiacjoe_overflow_big_doors,
          minmay_temple_entry_glassed_door, uniq_edmund
D:5:      layout_basic, okawaru_ov_weapons_minmay
D:6:      layout_loops_ring, minitemple,
          mainiacjoe_overflow_concentric_impassable, gammafunk_ghost_smash,
          nicolae_the_louvre
D:7:      layout_basic, mainiacjoe_overflow_small_starburst,
          nicolae_ossuary_entry_catacombs, uniq_menkaure, uniq_joseph
D:8:      layout_loops_cross, nicolae_ru_path_of_blood, kennysheep_nondescript,
          minivault_24
D:9:      layout_irregular_city, enter_bailey_5, minmay_misc_feat_x
D:10:     layout_roguey, mainiacjoe_overflow_surrounded_room, zombieorc2_lemuel,
          serial_shops, nicolae_shop_back_alley_shop, uniq_amaemon, uniq_fannar
D:11:     layout_loops_corners, dpeg_oklobed_lair
D:12:     layout_basic, portal_ice_cave_rime, enter_trove_2,
          gammafunk_ghost_mausoleum
D:13:     layout_roguey, erik_vaults_2
D:14:     layout_cave_pools, cheibriados_altar_1, serial_bayou_crossing
D:15:     hangedman_depths_entry_try_elsewhere_first, layout_basic
Temple:   minmay_temple_curvy_loop
Lair:1:   layout_cave_pods, serial_bayou_pond_e, nzn_random_ring
Lair:2:   layout_layer_cave, basic_altar, chequers_serial_rivers_small_3,
          kennysheep_snail_temple, uniq_sonja
Lair:3:   layout_loops_ring, swamp_mist, spider_nest_entry_web_field,
          st_stairs_5, minmay_lair_oklob_bushes, nicolae_quartered_pool_medium,
          kennysheep_abandoned_house, uniq_urug
Lair:4:   layout_roguey, nicolae_volcano_entry_s_turn,
          chequers_serial_rivers_room_b, patterned_corridor, grunt_megastairs_4,
          uniq_snorg
Lair:5:   wormcave, layout_regular_city, guppyfry_lair_end_dragon,
          slime_entry_1, basic_altar, chequers_serial_rivers_small_a,
          grunt_forest_large_clearing_hut, serial_bayou_shore_b
Swamp:1:  layout_basic_swamp, hangedman_swamp_blocks
Swamp:2:  nicolae_swamp_tree_isthmus, layout_basic_swamp,
          evilmike_swamp_ruin_house_4, nicolae_swamp_necromancer_hut,
          infiniplex_staircase_pool
Swamp:3:  layout_basic_swamp, evilmike_swamp_ruin_house_2,
          infiniplex_staircase_pool_2
Swamp:4:  byrel_swamp_growth_death_and_undeath, layout_basic_swamp, swamp_pool5
Spider:1: layout_spider_delve
Spider:2: layout_spider_delve, uniq_frances
Spider:3: layout_spider_delve, gammafunk_ghost_arena
Spider:4: spider_rune_water, uniq_arachne
Orc:1:    layout_caves, serial_shops, nicolae_shop_pleasant_corner_grove,
          nicolae_shop_just_a_little_nook, nicolae_shop_mannequins,
          mines2_david, uniq_josephine
Orc:2:    st_orc_elflike, layout_caves
Vaults:1: mu_enter_wizlab_2, hangedman_vaults_stitches, dpeg_vaults_monster_row,
          hangedman_vaults_slice, nicolae_vaults_rhombus_5, vaults_room_hallway,
          vaults_dpeg_ring, v_misc_16, nicolae_vaults_diamond_1,
          nicolae_vaults_trapezoid_lopsided_3, layout_vaults_omnigrid
Vaults:2: nicolae_vaults_crenellated_ambush, nicolae_vaults_what_the_h,
          v_rooms_2, hangedman_vaults_stretched_pinwheel, v_rooms_1,
          nicolae_vaults_network_barrier, v_misc_23,
          nicolae_vaults_more_shelving_1, v_misc_14,
          nicolae_vaults_little_squares_3, nicolae_vaults_storage_room_water,
          layout_vaults_ring, serial_shops, nicolae_shop_pleasant_corner_grove
Vaults:3: nicolae_vaults_stepped_doors, minmay_crypt_entry_necro_gods,
          vaults_dpeg_spiral, nicolae_vaults_trapezoid_4, vaults_room_door_ring,
          nicolae_vaults_variable_pillar_hall, layout_vaults_chaotic_city,
          serial_shops, nicolae_shop_hallway_plus, uniq_margery
Vaults:4: v_misc_28, hangedman_vaults_snaps, nicolae_vaults_mini_display_case,
          nicolae_vaults_turnstiles, v_rooms_5, nicolae_vaults_border_crossing,
          vaults_dpeg_diagonal, nicolae_vaults_apartment_2,
          layout_vaults_omnibox, serial_shops,
          nicolae_shop_competitors_out_of_business
Depths:1: layout_gridlike, enter_ziggurat_a, minmay_misc_feat_columns,
          serial_corexii_hall, corexii_hall_statues_t,
          chequers_hall_statues_wall_a, hellmouth_3, serial_shops, shop,
          chequers_serial_rivers_small_3,
          nicolae_dithmenos_through_a_glass_darkly
Depths:2: gammafunk_sealed_library, layout_cave_shapes, pf_hell_entry_great_geh,
          pan_entry, roderic_lattice_a, nicolae_water_bricks, uniq_nikola,
          uniq_grunn, uniq_aizul
Depths:3: lemuel_river_lethe, abyss_entry, hell_entry

Skill      XL: |  1  2  3  4  5  6  7  8  9 10 11 12 13 14 15 16 17 18 19 20 21 22 23 |
---------------+----------------------------------------------------------------------+-----
Axes           | 2 3 4 5 7 8 9 11 12 13 14 16 18 | 18.0
Throwing       | 1 2 4 5 9 10 | 10.6
Dodging        | 2 3 4 5 6 7 8 9 |  9.0
Fighting       | 4 6 7 8 9 10 11 12 13 14 15 17 19 20 21 | 21.2
Armour         | 4 6 8 9 11 12 14 15 17 18 | 18.0
Invocations    | 1 4 5 9 10 | 10.0
Shields        | 4 5 6 7 8 12 17 18 19 20 21 | 21.0

Action                     |  1- 3 |  4- 6 |  7- 9 | 10-12 | 13-15 | 16-18 | 19-21 | 22-24 || total
---------------------------+-------+-------+-------+-------+-------+-------+-------+-------++-------
  Melee: War axe           |    81 |   159 |   400 |   718 |   930 |       |       |  1254 ||  3542
         Demon whip        |       |       |       |       |    29 |    56 |       |       ||    85
         Broad axe         |       |       |       |       |    24 |   828 |   642 |    18 ||  1512
  Throw: Javelin           |     5 |    32 |    20 |     7 |   104 |    23 |    60 |     3 ||   254
         Boomerang         |       |    33 |    99 |    43 |    98 |   184 |   190 |   147 ||   794
 Invoke: Heroism           |       |       |     8 |    23 |    36 |    30 |    10 |    23 ||   130
         Finesse           |       |       |       |       |     4 |    11 |     8 |     9 ||    32
    Use: Scroll            |     3 |     6 |     4 |    12 |     7 |     8 |       |       ||    40
         Potion            |     1 |     5 |     2 |     3 |     7 |    16 |     2 |    14 ||    50
   Stab: Confused          |       |       |       |       |     6 |       |       |       ||     6
         Distracted        |       |       |       |       |       |     2 |       |       ||     2
         Held in net/web   |       |       |       |       |       |     1 |       |       ||     1
 Armour: Scale mail        |    45 |    97 |    28 |       |       |       |       |       ||   170
         Chain mail        |       |       |   167 |       |   181 |   656 |   288 |   594 ||  1886
         Plate armour      |       |       |    24 |   420 |   253 |       |       |       ||   697
  Dodge: Dodged            |    46 |    88 |   136 |   338 |   468 |   556 |   330 |   557 ||  2519
  Block: Buckler           |    14 |    31 |    64 |   169 |   259 |       |       |       ||   537
         Tower shield      |       |       |       |       |   139 |  1012 |   571 |  1077 ||  2799

Table legend:
 A = Non-vault XP
 B = Vault XP
 C = Vault XP percentage of total XP
 D = Non-vault monster count
 E = Vault monster count
 F = Vault count percentage of total count
                 A         B        C        D         E       F
            +---------+---------+-------+---------+---------+-------
      Total |  389626 |  278180 |  41.7 |    1060 |     560 |  34.6
            +---------+---------+-------+---------+---------+-------
        D:1 |      22 |       0 |   0.0 |      14 |       0 |   0.0
        D:2 |      84 |       0 |   0.0 |      23 |       0 |   0.0
        D:3 |      88 |       8 |   8.3 |      16 |       3 |  15.8
        D:4 |     393 |     312 |  44.3 |      17 |       2 |  10.5
        D:5 |     780 |       0 |   0.0 |      26 |       0 |   0.0
        D:6 |    1232 |       0 |   0.0 |      33 |       0 |   0.0
        D:7 |    1030 |    1292 |  55.6 |      30 |      13 |  30.2
        D:8 |     934 |       0 |   0.0 |      19 |       0 |   0.0
        D:9 |    1622 |       8 |   0.5 |      20 |       4 |  16.7
       D:10 |    2632 |    2864 |  52.1 |      14 |      39 |  73.6
       D:11 |    4171 |    1167 |  21.9 |      11 |       2 |  15.4
       D:12 |    4159 |     743 |  15.2 |      12 |       2 |  14.3
       D:13 |    9027 |    6929 |  43.4 |      18 |       8 |  30.8
       D:14 |   17194 |       0 |   0.0 |      37 |       0 |   0.0
       D:15 |    7158 |    2847 |  28.5 |      12 |       4 |  25.0
     Lair:1 |    8824 |    4884 |  35.6 |      35 |      18 |  34.0
     Lair:2 |   10764 |    2056 |  16.0 |      31 |       4 |  11.4
     Lair:3 |    5544 |    2171 |  28.1 |      17 |      20 |  54.1
     Lair:4 |    6322 |    3101 |  32.9 |      23 |       7 |  23.3
     Lair:5 |   13343 |   10972 |  45.1 |      42 |      38 |  47.5
    Swamp:1 |   12491 |       0 |   0.0 |      26 |       0 |   0.0
    Swamp:2 |   14415 |    3562 |  19.8 |      33 |       7 |  17.5
    Swamp:3 |   13261 |       0 |   0.0 |      22 |       0 |   0.0
    Swamp:4 |   19706 |   28900 |  59.5 |      27 |      45 |  62.5
   Spider:1 |    9362 |       0 |   0.0 |      27 |       0 |   0.0
   Spider:2 |   21851 |    1375 |   5.9 |      65 |       1 |   1.5
   Spider:3 |   21054 |       0 |   0.0 |      64 |       0 |   0.0
   Spider:4 |    9389 |   22779 |  70.8 |      20 |      40 |  66.7
      Orc:1 |    2607 |    1821 |  41.1 |      31 |       7 |  18.4
      Orc:2 |    3194 |    8223 |  72.0 |      23 |      25 |  52.1
   Vaults:1 |   17948 |   19839 |  52.5 |      28 |      27 |  49.1
   Vaults:2 |   27058 |   24549 |  47.6 |      37 |      39 |  51.3
   Vaults:3 |   13513 |    9873 |  42.2 |      21 |      11 |  34.4
   Vaults:4 |   31963 |   21920 |  40.7 |      43 |      29 |  40.3
   Depths:1 |   23310 |   11448 |  32.9 |      27 |      15 |  35.7
   Depths:2 |   22909 |    9035 |  28.3 |      28 |       5 |  15.2
   Depths:3 |     426 |   74770 |  99.4 |       2 |      96 |  98.0
    Abyss:2 |   29846 |       0 |   0.0 |      86 |       0 |   0.0
      Sewer |       0 |      36 | 100.0 |       0 |      23 | 100.0
    Ossuary |       0 |     696 | 100.0 |       0 |      26 | 100.0
            +---------+---------+-------+---------+---------+-------
